 Dungeon Crawl Stone Soup version 0.30-a0-782-ge64f9170bb (webtiles) character file.

Game seed: 4114780829490979293

677335 Mgcat the Executioner (level 27, -26/192 (265) HPs)
             Began as an Armataur Fighter on Feb 17, 2023.
             Was the Champion of Jiyva.
             Annihilated by a nargun (32 damage)
             ... on level 6 of Cocytus on Feb 20, 2023.
             The game lasted 02:20:48 (57507 turns).

Mgcat the Executioner (Armataur Fighter)           Turns: 57507, Time: 02:20:48

HP:   -26/192 (265) AC: 49    Str: 40      XL:     27
MP:   0/23          EV: 12    Int: 10 (13) God:    Jiyva [******]
Gold: 6359          SH: 26    Dex: 21      Spells: 26/26 levels left

rFire   + . .      SeeInvis .    a - +5 broad axe (vamp) {!w}
rCold   + . .      Faith    .    y - +0 kite shield
rNeg    + + +      Spirit   +    K - +8 gold dragon scales
rPois   +          Reflect  .    (helmet restricted)
rElec   +          Harm     .    F - scarf {repulsion}
rCorr   +          Roll     +    E - +2 pair of gloves {infuse}
rMut    +          Clarity  +    T - +6 lightning scales {swift, rElec}
Will    +++++                    c - brooch of Shielding {Spirit SH+8} Stlth
                                 u - ring of Ybusch {*Corrode Fly Str+9 Int+3 Dex+6}
HPRegen 2.12/turn                Z - ring of Wual {Drain rN+++ Will+++ Int-4 Dex+6}
MPRegen 0.68/turn

@: corroded, flying, studying Conjurations, very heavily drained, repel
missiles, unable to drink, quick
A: large, rugged brown scales 3, deformed body, armoured tail, roll, long
tongue, awkward tongue, horns 2, stinger 1, iridescent scales 2, clarity,
mutation resistance 3, passive freeze, eyeballs 2, jelly absorbing missiles,
inability to drink after injury 1, engulf
}: 5/15 runes: decaying, slimy, silver, abyssal, gossamer
a: Renounce Religion, Oozemancy, Slimify


You were on level 6 of Cocytus.
You worshipped Jiyva.
Jiyva was exalted by your worship.
You visited 13 branches of the dungeon, and saw 61 of its levels.
You visited the Abyss 1 time.
You also visited: Sewer, Bailey, Gauntlet, Ice Cave, Volcano and Wizlab.

You collected 9664 gold pieces.
You spent 3305 gold pieces at shops.

Inventory:

Hand Weapons
 a - a +5 vampiric broad axe (weapon) {!w}
   (You bought it in a shop on level 2 of the Orcish Mines)
 b - a +0 scimitar of flaming
   (You took it off Azrael on level 14 of the Dungeon)
 j - a +2 antimagic broad axe
   (You found it on level 1 of the Depths)
 w - a +1 broad axe of freezing
   (You found it on level 1 of the Vaults)
Armour
 y - a +0 kite shield (worn)
   (You found it on level 6 of the Dungeon)
 E - a +2 pair of gloves of infusion (worn)
   (You bought it in a shop on level 1 of the Orcish Mines)
 F - a scarf of repulsion (worn)
   (You found it on level 8 of the Dungeon)
 K - +8 gold dragon scales (worn)
   (You bought it in a shop on level 1 of the Orcish Mines)
 Q - the +1 helmet "Abaus" {rN+}
   (You found it in a Gauntlet)

   rN:        It protects you from negative energy.
 T - the +6 lightning scales (worn) {swift, rElec}
   (You bought it in a shop on level 2 of the Depths)

   Swift:     It allows the wearer to cover ground more swiftly.
   rElec:     It insulates you from electricity.
Jewellery
 c - the brooch of Shielding (around neck) {Spirit SH+8}
   (You found it on level 5 of the Pits of Slime)

   [amulet of guardian spirit]

   It causes incoming damage to be divided between your reserves of health and
   magic.
   SH:        It affects your SH (+8).
 u - the ring of Ybusch (left hand) {*Corrode Fly Str+9 Int+3 Dex+6}
   (You found it on level 5 of the Pits of Slime)

   [ring of dexterity]

   Str:       It affects your strength (+9).
   Int:       It affects your intelligence (+3).
   Dex:       It affects your dexterity (+6).
   Fly:       It grants you flight.
   *Corrode:  It may corrode you when you take damage.
 Z - the ring of Wual (right hand) {Drain rN+++ Will+++ Int-4 Dex+6}
   (You took it off an ironbound preserver on level 5 of the Vaults)

   [ring of dexterity]

   Int:       It affects your intelligence (-4).
   Dex:       It affects your dexterity (+6).
   rN:        It renders you almost immune to negative energy.
   Drain:     It drains your maximum health when unequipped.
   Will:      It greatly increases your willpower.
Wands
 s - a wand of digging (10)
   (You took it off Dowan on level 5 of the Dungeon)
 v - a wand of paralysis (37)
   (You took it off Ijyb on level 5 of the Dungeon)
 D - a wand of iceblast (15)
   (You found it on level 4 of the Swamp)
 G - a wand of mindburst (34)
   (You found it on level 8 of the Dungeon)
 O - a wand of polymorph (18)
   (You found it on level 3 of the Lair of Beasts)
Scrolls
 d - 10 scrolls of poison {!r}
 h - 5 scrolls of fear
 k - 21 scrolls of identify
 l - 8 scrolls of blinking {!r}
 r - 20 scrolls of teleportation
 t - 6 scrolls of fog
 B - 2 scrolls of torment {!r}
 H - 3 scrolls of brand weapon
 L - 2 scrolls of summoning
 V - 2 scrolls of silence
Potions
 e - 3 potions of berserk rage {!q}
 f - 15 potions of curing
 g - 4 potions of resistance
 i - a potion of magic
 m - 8 potions of heal wounds
 n - 5 potions of haste
 p - 11 potions of mutation {!q}
 q - 7 potions of flight
 x - 10 potions of might
 z - 4 potions of invisibility
 C - 5 potions of ambrosia
 R - 11 potions of cancellation
Miscellaneous
 o - a condenser vane
   (You found it on level 3 of the Depths)
 A - the horn of Geryon
   (You took it off Geryon in the Vestibule of Hell)
 I - a lightning rod (4/4)
   (You found it on level 1 of the Lair of Beasts)
 N - a phial of floods
   (You found it on level 12 of the Dungeon)
 U - a phantom mirror
   (You found it in a Gauntlet)
 W - a box of beasts
   (You found it on level 3 of the Spider Nest)


   Skills:
 + Level 20.4 Fighting
 * Level 25.7 Axes
 + Level 25.6 Armour
 + Level 12.4 Dodging
 + Level 23.7 Shields
 + Level 9.6 Evocations


You had 26 spell levels left.
You didn't know any spells.
Your spell library contained the following spells:

 Spells                   Type           Power      Damage    Failure   Level
 Apportation              Tloc           0%         N/A       86%         1
 Foxfire                  Conj/Fire      0%         2x1d4     86%         1
 Kiss of Death            Conj/Necr      0%         2d5       86%         1
 Magic Dart               Conj           0%         1d3       86%         1
 Necrotise                Necr           0%         1d4       86%         1
 Sting                    Tmut/Pois      0%         1d3       86%         1
 Summon Small Mammal      Summ           0%         N/A       86%         1
 Cigotuvi's Dreadful Rot  Necr/Pois/Air  0%         N/A       94%         2
 Ensorcelled Hibernation  Hex/Ice        0%         N/A       94%         2
 Momentum Strike          Conj/Tloc      0%         3d8       94%         2
 Passwall                 Tmut/Erth      0%         N/A       94%         2
 Poisonous Vapours        Pois/Air       0%         N/A       94%         2
 Scorch                   Fire           0%         2d5       94%         2
 Searing Ray              Conj           0%         2d4       94%         2
 Static Discharge         Conj/Air       0%         2-2/arc   94%         2
 Sublimation of Blood     Necr           0%         N/A       94%         2
 Wereblood                Tmut           0%         N/A       94%         2
 Confusing Touch          Hex            0%         N/A       99%         3
 Dazzling Flash           Conj/Hex       0%         N/A       99%         3
 Frozen Ramparts          Ice            0%         1d1       99%         3
 Hailstorm                Conj/Ice       0%         3d3       99%         3
 Inner Flame              Hex/Fire       0%         N/A       99%         3
 Mephitic Cloud           Conj/Pois/Air  0%         N/A       99%         3
 Ozocubu's Armour         Ice            0%         N/A       99%         3
 Portal Projectile        Hex/Tloc       0%         N/A       99%         3
 Spider Form              Tmut/Pois      0%         N/A       99%         3
 Swiftness                Air            0%         N/A       99%         3
 Tukima's Dance           Hex            0%         N/A       99%         3
 Vampiric Draining        Necr           0%         2d6       99%         3
 Vhi's Electric Charge    Tloc/Air       0%         N/A       99%         3
 Anguish                  Hex/Necr       0%         N/A       100%        4
 Animate Dead             Necr           0%         N/A       100%        4
 Cause Fear               Hex            0%         N/A       100%        4
 Dispel Undead            Necr           0%         3d6       100%        4
 Flame Wave               Conj/Fire      0%         2d4       100%        4
 Fulminant Prism          Conj/Hex       0%         3d5       100%        4
 Ice Form                 Ice/Tmut       0%         N/A       100%        4
 Leda's Liquefaction      Hex/Erth       0%         N/A       100%        4
 Olgreb's Toxic Radiance  Pois           0%         N/A       100%        4
 Petrify                  Tmut/Erth      0%         N/A       100%        4
 Sticky Flame             Conj/Fire      0%         2d3       100%        4
 Summon Ice Beast         Ice/Summ       0%         N/A       100%        4
 Agony                    Necr           0%         N/A       100%        5
 Alistair's Intoxication  Tmut/Pois      0%         N/A       100%        5
 Arcjolt                  Conj/Air       0%         1d10      100%        5
 Borgnjor's Vile Clutch   Necr/Erth      0%         N/A       100%        5
 Fireball                 Conj/Fire      0%         3d3       100%        5
 Irradiate                Conj/Tmut      0%         3d11      100%        5
 Iskenderun's Battlesphe  Conj           0%         2d6       100%        5
 Lightning Bolt           Conj/Air       0%         1d11      100%        5
 Metabolic Englaciation   Hex/Ice        0%         N/A       100%        5
 Silence                  Hex/Air        0%         N/A       100%        5
 Conjure Ball Lightning   Conj/Air       0%         3x3d6     100%        6
 Dispersal                Tloc           0%         N/A       100%        6
 Eringya's Noxious Bog    Tmut/Pois      0%         N/A       100%        6
 Iron Shot                Conj/Erth      0%         9d1       100%        6
 Simulacrum               Ice/Necr       0%         N/A       100%        6
 Starburst                Conj/Fire      0%         6d3       100%        6
 Statue Form              Tmut/Erth      0%         N/A       100%        6
 Summon Cactus Giant      Summ           0%         N/A       100%        6
 Dragon Form              Tmut           0%         N/A       100%        7
 Enfeeble                 Hex            0%         N/A       100%        7
 Haunt                    Necr/Summ      0%         N/A       100%        7
 Orb of Destruction       Conj           0%         9d5       100%        7
 Ozocubu's Refrigeration  Ice            0%         4d7       100%        7
 Spellforged Servitor     Conj/Summ      0%         N/A       100%        7
 Summon Hydra             Summ           0%         N/A       100%        7
 Borgnjor's Revivificati  Necr           0%         N/A       100%        8
 Ignition                 Fire           0%         3d3       100%        8
 Infestation              Necr           0%         N/A       100%        8
 Necromutation            Tmut/Necr      0%         N/A       100%        8
 Death's Door             Necr           0%         N/A       100%        9
 Dragon's Call            Summ           0%         N/A       100%        9


Dungeon Overview and Level Annotations

Branches:
Dungeon (15/15)            Temple (0/1) D:6            Lair (5/5) D:10
  Swamp (4/4) Lair:3       Spider (4/4) Lair:3        Slime (5/5) Lair:5
    Orc (2/2) D:9             Elf (3/3) Orc:2        Vaults (5/5) D:13
  Crypt (3/3) Vaults:3       Tomb (0/3) Crypt:3      Depths (4/4) D:15
   Hell (visited)             Dis (0/7) Hell            Geh (0/7) Hell
    Coc (6/7) Hell            Tar (0/7) Hell            Zot (4/5) Depths:4
  Sewer (visited)          Bailey (visited)           IceCv (visited)
Volcano (visited)          WizLab (visited)         Gauntlet (visited)

Altars:
Fedhas
Gozag
Hepliaklqana
Okawaru
Sif Muna
Trog
Vehumet
Xom
Yredelemnul
Zin
The Shining One
Jiyva

Shops:
D:14 (   Orc:1 ?[*   Orc:2 ([*=*   Elf:3 [[!!:[[?(   Depths:1 !*
Depths:2 *[[[

Portals:
Hell: Depths:1 Depths:2 Depths:3 Depths:4
Abyss: Depths:3
Pandemonium: Depths:2 Depths:4
Ziggurat: Depths:1
Trove: Depths:3 (give +6 demon trident)

Annotations:
D:13 3 runed translucent doors, Reshi88's ghost, journeyman SpVM
Swamp:1 3 runed translucent doors, Athor's ghost, journeyman VSEn; Roxanne
Slime:5 Royal Jelly
Vaults:1 3 runed translucent doors, Qarummed's ghost, adept GnBr
Crypt:1 1 runed translucent door, Yzeiphu's ghost, adept OpEE
Depths:1 2 runed translucent doors, Pojesatusi's ghost, adept HOMo
Zot:2 2 transporters, exclusion: orange crystal statue


Innate Abilities, Weirdness & Mutations

You are completely covered in rugged brown scales. (AC +3, +7% HP)
Armour fits poorly on your strangely shaped body.
You have a long armoured tail.
You roll when moving toward enemies. (Rampage)
Your long tongue fully drains potion bottles. (2x potion effects)
Your tongue gives you trouble enunciating. (1.5x scroll delay)
You have a pair of horns on your head.
Your tail ends in a venomous barb.
You are mostly covered in iridescent scales. (AC +4)
You possess an exceptional clarity of mind.
You are almost entirely resistant to further mutation and mutation removal.
A frigid envelope surrounds you and freezes all who hurt you.
Your body has grown many eyes which may confuse attackers. (Acc +5)
You have a small jelly attached to you that may absorb projectiles.
You occasionally lose the ability to drink potions when taking damage.
Your melee attacks may engulf your foes in ooze.


Message History

You slash the nargun!
You engulf the nargun in ooze!
You headbutt the nargun, but do no damage.
The nargun is moderately damaged.
You hit the juggernaut simulacrum but do no damage.
You slice the shard shrike!!
You engulf the shard shrike in ooze!
The shard shrike is asphyxiated!
The shard shrike spits a shard of ice at you.
The shard of ice misses you.
The shard shrike is no longer engulfed.
The shard shrike claws you but does no damage.
The shard shrike resists.
The shard shrike is very cold.
The shard shrike is lightly wounded.
The nargun hits you!!
The nargun completely resists.
You block the nargun's attack.
You take 17 damage, and have 95/192 hp.
Spoiler Alert: The Ice Fiend can cast Torment!
Unknown command.
You hit the nargun.
The nargun is heavily damaged.
You hit the shard shrike.
You feel better.
You engulf the shard shrike in ooze!
You hit the juggernaut simulacrum but do no damage.
You hit the Ice Fiend but do no damage.
The shard shrike is asphyxiated!
You block the shard shrike's attack. The Ice Fiend barely misses you. x2
The shard shrike is no longer engulfed.
You block the juggernaut simulacrum's attack.
The juggernaut simulacrum hits you but does no damage.
The juggernaut simulacrum completely resists.
You regained 3 hp, and now have 98/192 hp.
You now have 0/23 mp.
Spoiler Alert: The Ice Fiend can cast Torment!
You slice the Ice Fiend!!
The Ice Fiend is lightly wounded.
You closely miss the shard shrike.
You hit the juggernaut simulacrum but do no damage.
You completely miss the nargun. You slash the shard shrike!
You feel better.
You engulf the shard shrike in ooze!
The shard shrike is asphyxiated!
You block the shard shrike's attack. x2
The nargun hits you but does no damage.
The nargun completely resists.
You block the nargun's attack.
The shard shrike is no longer engulfed.
You block the Ice Fiend's attack. The Ice Fiend claws you.
The Ice Fiend freezes you! You resist.
The Ice Fiend completely resists.
You take 12 damage, and have 86/192 hp.
Spoiler Alert: The Ice Fiend can cast Torment!
You slice the Ice Fiend!! You headbutt the Ice Fiend!
The Ice Fiend is heavily wounded.
You completely miss the nargun. You closely miss the shard shrike.
You slice the shard shrike!! You hit the juggernaut simulacrum.
The shard shrike claws you. The shard shrike freezes you! You resist.
The shard shrike completely resists.
You block the shard shrike's attack. The shard shrike misses you.
You block the nargun's attack. The nargun bites you!
* * * LOW HITPOINT WARNING * * *
The nargun freezes you!! You resist.
* * * LOW HITPOINT WARNING * * *
The nargun completely resists.
You take 49 damage, and have 37/192 hp.
MASSIVE DAMAGE!!
You now have 0/23 mp.
Spoiler Alert: The Ice Fiend can cast Torment!
You don't have enough magic at the moment.
Unknown command.
Unknown command.
Unknown command.
You cut the Ice Fiend into ribbons!!!
You engulf the Ice Fiend in ooze!
You tail-slap the Ice Fiend.
The Ice Fiend is almost dead.
You hit the water elemental but do no damage.
You barely miss the shard shrike. You slice the water elemental!!
You completely miss the juggernaut simulacrum.
You hit the nargun but do no damage.
The Ice Fiend is asphyxiated!
The shard shrike spits a shard of ice at you.
The shard of ice hits you! You partially resist.
* * * LOW HITPOINT WARNING * * *
You block the shard shrike's attack. x2
The Ice Fiend gestures at you. The bolt of cold hits you!! You resist.
* * * LOW HITPOINT WARNING * * *
The bolt of cold hits the shard shrike.
The shard shrike resists.
Unknown command.
You take 30 damage, and have 7/192 hp.
Spoiler Alert: The Ice Fiend (unsilenced, asphyxiating) can cast Torment!
Unknown command.
Lua error: [string "/dgldir/rcfiles/crawl-git/Mgcat.rc"]:930: invalid capture index Unknown command.
Lua error: [string "/dgldir/rcfiles/crawl-git/Mgcat.rc"]:930: invalid capture index Unknown command.
Lua error: [string "/dgldir/rcfiles/crawl-git/Mgcat.rc"]:930: invalid capture index You hit the Ice Fiend.
You kill the Ice Fiend!
You hit the juggernaut simulacrum but do no damage.
You barely miss the nargun. You hit the water elemental.
You engulf the water elemental in ooze!
You slash the shard shrike!
You engulf the shard shrike in ooze!
You miss the shard shrike. You slice the water elemental!!
You destroy the water elemental!
The water elemental disappears in a puff of smoke!
The shard shrike is asphyxiated!
The shard shrike misses you. x2
You block the shard shrike's attack. x2; You block the nargun's attack.
The nargun bites you.
* * * LOW HITPOINT WARNING * * *
The nargun freezes you!! You resist.
You feel threatened and lose the ability to drink potions!
You die...

###### ##≈≈≈≈###
###≈≈≈≈≈≈≈#####
#≈≈~~≈≈≈≈≈≈...#
##....~≈≈≈......
#≈.§b~~~~~.~~...
###≈b@9b~~≈~..~~~≈
#≈≈b.ZE~ZE≈~....E≈
#≈≈.#E..≈≈≈#...≈≈≈
#≈○..Z.≈≈≈≈~..≈≈≈≈
#○≈...≈≈≈≈.~≈≈≈≈≈≈
#≈≈≈≈≈≈.....≈≈≈≈≈2
#≈≈≈≈........≈≈≈9.
#≈≈≈....##...≈≈≈.^
#≈≈≈..####..≈≈≈≈≈


You could see 4 shard shrikes, an elemental wellspring, a nargun (engulfed), 2
water elementals, a dire elephant simulacrum, an ettin simulacrum and a
juggernaut simulacrum.

Vanquished Creatures
  2 dread liches
  5 ancient liches
  An orb of fire (Zot:2)
  A juggernaut (Depths:3)
  8 shard shrikes
  Vv (Zot:2)
  A curse toe (Zot:2)
  Geryon (Hell)
  Arachne (Spider:4)
  Jory (Crypt:2)
  12 golden dragons
  5 bone dragons
  2 electric golems
  A hellephant (Hell)
  Rupert (Spider:1)
  A Brimstone Fiend (Depths:4)
  12 tentacled monstrosities
  5 Ice Fiends
  A moon troll (WizLab)
  Jorgrun (Swamp:3)
  6 liches
  A walking earthen tome (Depths:3)
  2 walking divine tomes (Depths:3)
  3 deep elf blademasters
  2 walking frostbound tomes (Depths:3)
  7 titans
  8 quicksilver dragons
  2 deep elf master archers (Elf:3)
  An ancient champion (Crypt:3)
  Frances (Swamp:1)
  8 death cobs
  The ghost of Takeo the Slayer, an adept MiFi of the Shining One (Orc:2)
  A thorn hunter (Swamp:4)
  6 sphinxes
  18 tentacled starspawn
  5 tengu reavers
  13 storm dragons
  12 shadow dragons
  A fenstrider witch (Swamp:4)
  2 draconian knights
  3 draconian monks
  7 narguns
  12 fire giants
  4 revenants
  15 frost giants
  6 iron dragons
  18 vault wardens
  4 deep elf sorcerers
  5 draconian scorchers
  4 draconian shifters
  2 spectral juggernauts (Crypt:3)
  6 emperor scorpions
  2 juggernaut zombies
  5 balrugs
  2 caustic shrike zombies
  2 draconian stormcallers
  4 deep elf elementalists (Elf:3)
  3 shard shrike simulacra
  6 ghost moths
  2 curse skulls
  3 orc warlords
  4 cacodemons
  5 ghouls
  9 reapers
  6 broodmothers
  2 war gargoyles (Hell)
  37 very ugly things
  11 green draconians
  2 draconian annihilators
  19 stone giants
  4 starflowers (Abyss:3)
  21 ironbound preservers
  3 ironbound thunderhulks
  4 deep elf demonologists
  10 elemental wellsprings
  7 black draconians
  7 wendigos
  Azrael (D:14)
  10 vampire knights
  7 yellow draconians
  10 white draconians
  4 bunyips
  8 deep elf annihilators
  7 spark wasps
  A minotaur (Gauntlet)
  15 purple draconians
  2 eleionomae
  5 red draconians
  10 eidola
  11 dire elephants
  12 deep elf death magi
  9 ettins
  7 jiangshi
  2 spectral quicksilver dragons (Crypt:3)
  7 blizzard demons
  Josephine (D:13)
  A spectral golden dragon (Depths:3)
  7 deep elf high priests
  2 green deaths
  2 spriggan zombies
  10 hydras
  7 fire dragons
  Harold (Lair:1)
  5 hell beasts
  11 entropy weavers
  3 shambling mangroves (Swamp:4)
  10 yaktaur captains
  33 vault guards
  8 caustic shrike simulacra
  5 radroaches
  2 rakshasas
  A quicksilver dragon skeleton (Crypt:2)
  14 ice dragons
  4 spriggan air magi (Depths:2)
  2 juggernaut simulacra
  4 ironbound frosthearts
  4 ogre magi
  3 spriggan skeletons (Hell)
  17 alligators
  A spectral stone giant (Crypt:3)
  A fenstrider witch zombie (Hell)
  2 ghost crabs (Swamp:4)
  4 boulder beetles
  3 death knights
  6 centaur warriors
  35 dancing weapons
  4 two-headed ogres
  A titan zombie (Hell)
  5 thrashing horrors
  6 deep troll shamans
  12 hell hogs
  5 orc high priests
  6 vampire magi
  4 death yaks
  11 deep troll earth magi
  An Orb Guardian skeleton (Crypt:1)
  A spectral dire elephant (Crypt:3)
  22 deep elf knights
  7 tengu warriors
  4 spriggan berserkers
  A spectral storm dragon (Crypt:3)
  Nergalle (Lair:2)
  Sonja (Lair:3)
  11 hell knights
  17 sun demons
  11 soul eaters
  2 spatial maelstroms (Abyss:3)
  2 skysharks
  2 sun moths
  9 wretched stars
  A titan skeleton (Hell)
  18 skeletal warriors
  11 iron trolls
  6 shadow wraiths
  4 pharaoh ants
  9 sixfirhies
  8 goliath frogs
  3 spectral bunyips (Crypt:3)
  2 storm dragon skeletons
  2 orange crystal statues
  An anaconda zombie (Hell)
  A kraken simulacrum (Hell)
  14 bog bodies
  7 flayed ghosts
  9 orb spiders
  A bunyip zombie (Crypt:2)
  A spectral iron dragon (Crypt:3)
  8 spriggan druids
  4 steelbarb worms
  10 swamp dragons
  52 deep trolls
  4 quicksilver dragon simulacra
  7 wizards
  An iron dragon zombie (Crypt:2)
  A swamp dragon (shapeshifter) (Vaults:2)
  4 spectral hydras (Swamp:4)
  An obsidian statue (Depths:3)
  15 ironbound convokers
  Pikel (D:6)
  A golden dragon skeleton (D:15)
  7 lindwurms
  29 deep elf pyromancers
  13 necromancers
  15 orc knights
  2 fire giant zombies
  A frost giant zombie (D:15)
  4 harpies (Vaults:1)
  16 deep elf archers
  14 phantasmal warriors
  53 starcursed masses
  3 anaconda skeletons
  28 deep elf zephyrmancers
  20 wolf spiders
  A shadow dragon zombie (Crypt:1)
  53 ugly things
  7 orc sorcerers
  3 oklob plants (Swamp:4)
  2 worldbinders (Abyss:3)
  34 moths of wrath
  7 cyclopes
  A human zombie (Crypt:2)
  An iron dragon skeleton (Crypt:2)
  A jorogumo skeleton (Crypt:3)
  6 will-o-the-wisps
  A dire elephant zombie (Crypt:2)
  5 manticores
  3 black mambas
  A centaur zombie (Crypt:1)
  21 vault sentinels
  9 demonic crawlers
  2 frost giant skeletons
  A human skeleton (Vaults:3)
  2 apocalypse crabs
  5 titan simulacra
  3 naga zombies
  4 ice statues
  18 smoke demons
  4 molten gargoyles
  2 stone giant skeletons
  9 rust devils
  An unseen horror (shapeshifter) (D:11)
  Maggie (D:7)
  10 cane toads
  8 orange demons
  6 torpor snails
  2 dire elephant skeletons
  8 hellions
  10 rime drakes
  13 ice devils
  23 freezing wraiths
  An efreet (Volcano)
  A grey draconian zombie (Crypt:1)
  9 komodo dragons
  An unseen horror (Abyss:1)
  6 tengu conjurers
  A tormentor (Coc:3)
  31 yaktaurs
  6 anaconda simulacra
  6 ancient zymes
  A golden dragon simulacrum (Coc:2)
  2 iron giant simulacra
  3 spectral harpies (Crypt:3)
  6 hydra zombies
  4 red devils
  A yaktaur skeleton (Vaults:3)
  A harpy zombie (Abyss:3)
  A mana viper zombie (Crypt:3)
  7 trolls
  6 meliai
  3 sea snake skeletons (Hell)
  4 death drake zombies (Swamp:4)
  3 hellwings
  4 polar bears
  7 tyrant leeches
  A meliai (shapeshifter) (Depths:3)
  20 tarantellas
  A death drake skeleton (Swamp:4)
  8 raiju
  2 ettin zombies (Hell)
  15 hornets
  A dream sheep (shapeshifter) (Depths:4)
  9 blink frogs
  A hydra skeleton (Swamp:4)
  3 iron dragon simulacra
  2 stone giant simulacra
  A culicivora zombie (Crypt:1)
  An ettin skeleton (Crypt:2)
  8 flying skulls
  2 air elementals
  40 jumping spiders
  22 culicivoras
  7 shadows
  8 ynoxinuls
  10 spriggans
  2 wyverns
  2 centaur simulacra
  2 vampires
  13 water elementals
  33 yaks
  A tyrant leech zombie (Crypt:1)
  7 humans
  14 wraiths
  8 basilisks
  6 fire elementals
  4 dire elephant simulacra
  10 fire bats
  4 chaos spawn
  Grum (Lair:1)
  A black mamba skeleton (Hell)
  5 steam dragons
  Eustachio (D:5)
  2 alligator snapping turtle simulacra
  50 redbacks
  6 neqoxecs
  Edmund (D:4)
  2 death yak simulacra (Lair:4)
  24 vampire mosquitoes
  A glowing shapeshifter zombie (Depths:3)
  13 wargs
  20 large abominations
  13 swamp worms
  A spatial vortex (Abyss:3)
  12 harpy simulacra
  6 acid dragons
  33 water moccasins
  2 hell hounds (D:14)
  2 glowing shapeshifter skeletons
  4 hydra simulacra
  A cane toad zombie (Crypt:3)
  Duvessa (D:5)
  37 orc warriors
  8 swamp drakes
  An ice beast (shapeshifter) (Vaults:4)
  A sky beast (D:7)
  A dream sheep zombie (Crypt:3)
  2 ice beasts
  A deep troll simulacrum (Vaults:3)
  A swamp dragon zombie (Swamp:4)
  6 black bears
  5 ettin simulacra
  24 wolves
  8 ogres
  2 centaurs (D:15)
  2 swamp dragon skeletons (Swamp:4)
  Blork the orc (D:4)
  A kobold brigand (D:9)
  9 necrophages
  7 bullfrogs
  5 earth elementals
  7 scorpions
  16 small abominations
  Dowan (D:5)
  A queen bee zombie (Crypt:2)
  4 wights (D:8)
  A troll zombie (Crypt:3)
  10 killer bees (D:7)
  A lindwurm simulacrum (IceCv)
  5 howler monkeys
  6 electric eels
  6 crimson imps
  9 komodo dragon simulacra (IceCv)
  7 lava snakes (Volcano)
  A quasit (Abyss:3)
  An iron imp (Gauntlet)
  5 hounds
  3 jellies (D:2)
  13 orc priests
  2 gnoll boudas
  Terence (D:2)
  A basilisk skeleton (Crypt:3)
  Ijyb (D:5)
  17 iguanas
  22 orc wizards
  7 hell rats
  A polar bear simulacrum (Lair:4)
  5 spriggan simulacra
  An ogre zombie (Crypt:2)
  A deep dwarf zombie (Crypt:1)
  A hound zombie (Crypt:2)
  A hound skeleton (Crypt:2)
  12 gnolls
  2 naga simulacra
  A steam dragon zombie (Crypt:2)
  6 acid dragon simulacra (IceCv)
  18 adders
  23 white imps
  4 steam dragon simulacra (IceCv)
  2 ufetubi
  An adder skeleton (Crypt:2)
  2 dart slugs
  2 worms
  42 orcs
  10 ball pythons
  3 bats (D:1)
  13 endoplasms
  5 giant cockroaches
  14 goblins
  6 hobgoblins
  4 jackals (D:1)
  13 kobolds
  3 quokkas (D:4)
  4 frilled lizards
  A frilled lizard skeleton (Crypt:3)
  8 rats
  2 lurking horrors (Abyss:3)
  16 starspawn tentacles
2694 creatures vanquished.

Vanquished Creatures (collateral kills)
  A very ugly thing (Depths:4)
  An orc warlord (Orc:2)
  A death knight (Vaults:3)
  A two-headed ogre (D:8)
  A skeletal warrior (D:15)
  3 lindwurms (D:8)
  An orc knight (Orc:2)
  An ettin simulacrum (Coc:6)
  An ogre (Orc:2)
  A starcursed mass (Abyss:3)
12 creatures vanquished.

Vanquished Creatures (others)
  A lich (Vaults:5)
  A tentacled starspawn (WizLab)
  2 azure jellies
  A fire giant (Vaults:5)
  A frost giant (shapeshifter) (Vaults:5)
  An ironbound preserver (Vaults:3)
  A stone giant (WizLab)
  An eleionoma (Swamp:3)
  3 dire elephants (Vaults:4)
  8 great orbs of eyes
  A caustic shrike simulacrum (Coc:4)
  A centaur warrior (D:13)
  9 glowing orange brains
  A spriggan simulacrum (Coc:5)
  A swamp dragon (shapeshifter) (Vaults:5)
  A spriggan druid (Swamp:4)
  2 deep elf zephyrmancers
  2 phantasmal warriors
  3 wizards
  A deep elf pyromancer (Bailey)
  An ugly thing (Vaults:4)
  A necromancer (Depths:1)
  A wolf spider (Spider:4)
  A salamander (shapeshifter) (Vaults:5)
  2 eyes of devastation (WizLab)
  2 vault sentinels
  A gargoyle (D:12)
  A smoke demon (Hell)
  An orange demon (Abyss:3)
  A rime drake (shapeshifter) (Gauntlet)
  A rime drake (IceCv)
  A tengu conjurer (Depths:2)
  4 bloated husks
  2 golden dragon simulacra
  A troll (D:12)
  2 hornets
  2 dream sheep (shapeshifter) (Vaults:5)
  2 wraiths
  18 slime creatures
  2 spriggans
  A water elemental (Depths:3)
  A ynoxinul (Abyss:1)
  A dire elephant simulacrum (Coc:4)
  A small abomination (Abyss:3)
  An ettin simulacrum (Coc:4)
  A swamp drake (Swamp:4)
  2 orc warriors
  A wolf (Lair:4)
  3 centaurs
  A lemure (D:6)
  2 bullfrogs (Lair:3)
  A scorpion (Lair:3)
  A wight (D:8)
  296 jellies
  An iron imp (Abyss:1)
  A hell rat (Hell)
  An orc wizard (D:4)
  2 iguanas
  An acid dragon simulacrum (IceCv)
  4 adders
  2 white imps
  An ufetubus (Vaults:4)
  6 orcs
  A goblin (D:4)
  3 hobgoblins
  4 jackals (D:3)
  A quokka (D:3)
  4 ball pythons
  A rat (D:3)
  3 bushes (Abyss:3)
  2 butterflies (D:6)
  31 demonic plants
  34 foxfires
  148 fungi
  3 lurking horrors (Abyss:3)
  15 pillars of salt (Vaults:4)
  208 plants
  43 starspawn tentacles
  4 tentacles (Hell)
  3 toadstools (D:2)
  11 withered plants (D:15)
940 creatures vanquished.

Grand Total: 3646 creatures vanquished

Notes
Turn   | Place    | Note
-------+----------+-------------------------------------------
     0 | D:1      | Mgcat the Armataur Fighter began the quest for the Orb.
     0 | D:1      | Reached XP level 1. HP: 19/19 MP: 1/1
    40 | D:1      | HP: 4/19 [jackal (1)]
   119 | D:1      | Reached XP level 2. HP: 26/26 MP: 2/2
   278 | D:1      | Reached skill level 2 in Axes
   433 | D:1      | You fall into a shaft and drop 1 floor!
   443 | D:2      | Reached skill level 3 in Fighting
   443 | D:2      | Reached skill level 4 in Armour
   443 | D:2      | Reached XP level 3. HP: 33/33 MP: 3/3
   738 | D:2      | Reached XP level 4. HP: 40/40 MP: 4/4
   792 | D:2      | Reached skill level 3 in Axes
   792 | D:2      | Reached skill level 4 in Shields
   792 | D:2      | Reached XP level 5. HP: 32/48 MP: 5/5
  1200 | D:2      | Noticed Terence
  1211 | D:2      | Killed Terence
  1237 | D:2      | Found a faded altar of an unknown god.
  1290 | D:2      | Prayed at the altar of an unknown god.
  1290 | D:2      | Became a worshipper of Jiyva Jathrecv the Shapeless
  1290 | D:2      | Reached * piety under Jiyva
  1818 | D:3      | Reached ** piety under Jiyva
  1871 | D:3      | Found a bloodstained altar of Trog.
  2053 | D:4      | Identified a scroll of acquirement
  2053 | D:4      | Acquired 1210 gold pieces
  2189 | D:4      | Found a glowing drain.
  2193 | Sewer    | Entered a sewer
  2252 | Sewer    | Reached XP level 6. HP: 45/53 MP: 6/6
  2344 | D:4      | Noticed Edmund
  2362 | D:4      | Killed Edmund
  2363 | D:4      | Reached skill level 5 in Armour
  2374 | D:4      | Reached skill level 4 in Fighting
  2374 | D:4      | Reached skill level 4 in Axes
  2479 | D:4      | Noticed Blork the orc
  2508 | D:4      | Killed Blork the orc
  2509 | D:4      | Reached skill level 5 in Shields
  2509 | D:4      | Reached XP level 7. HP: 57/63 MP: 7/7
  2526 | D:4      | Reached *** piety under Jiyva
  2669 | D:4      | Gained mutation: You have sharp toenails. [Jiyva's grace]
  2669 | D:4      | Gained mutation: You have razor-sharp toenails. [Jiyva's
                  | grace]
  2669 | D:4      | Gained mutation: You have claws for feet. [Jiyva's grace]
  2669 | D:4      | Gained mutation: Armour fits poorly on your pseudopods.
                  | [Jiyva's grace]
  3047 | D:5      | Entered Level 5 of the Dungeon
  3165 | D:5      | Noticed Eustachio
  3183 | D:5      | Reached **** piety under Jiyva
  3199 | D:5      | Killed Eustachio
  3279 | D:5      | Noticed Duvessa
  3279 | D:5      | Noticed Dowan
  3292 | D:5      | Killed Duvessa
  3293 | D:5      | Reached skill level 6 in Armour
  3298 | D:5      | Killed Dowan
  3299 | D:5      | Reached skill level 5 in Axes
  3317 | D:5      | Found an opulent altar of Gozag.
  3371 | D:5      | Noticed Ijyb
  3373 | D:5      | Paralysed by Ijyb for 3 turns
  3379 | D:5      | Killed Ijyb
  3565 | D:5      | Reached XP level 8. HP: 71/71 MP: 8/8
  3948 | D:6      | Found a shimmering blue altar of Sif Muna.
  3961 | D:6      | Reached skill level 6 in Shields
  4013 | D:6      | Reached skill level 5 in Fighting
  4293 | D:6      | Reached skill level 6 in Axes
  4303 | D:6      | Reached skill level 7 in Armour
  4312 | D:6      | Noticed Pikel
  4327 | D:6      | Killed Pikel
  4328 | D:6      | Reached XP level 9. HP: 73/79 MP: 9/9
  4341 | D:6      | Reached skill level 7 in Shields
  4374 | D:6      | Reached skill level 7 in Axes
  4383 | D:6      | Found a staircase to the Ecumenical Temple.
  4438 | D:6      | Reached skill level 6 in Fighting
  4487 | D:6      | Reached ***** piety under Jiyva
  4497 | D:6      | Found a blossoming altar of Fedhas.
  4538 | D:6      | Lost mutation: You have claws for feet. [Jiyva's grace]
  4538 | D:6      | Lost mutation: Armour fits poorly on your pseudopods.
                  | [Jiyva's grace]
  4538 | D:6      | Gained mutation: You are covered in fur. (AC +1) [Jiyva's
                  | grace]
  4538 | D:6      | Gained mutation: You are covered in thick fur. (AC +2)
                  | [Jiyva's grace]
  4538 | D:6      | Gained mutation: Your thick and shaggy fur keeps you warm.
                  | (AC +3, rC+) [Jiyva's grace]
  4538 | D:6      | Gained mutation: Your translucent skin slightly reduces
                  | your foes' accuracy. (Stealth+) [Jiyva's grace]
  4550 | D:6      | Reached skill level 8 in Armour
  4695 | D:6      | Found a glowing golden altar of the Shining One.
  4927 | D:7      | Found a shimmering altar of Xom.
  5024 | D:7      | HP: 20/83 [steam dragon/ball of steam (6)]
  5028 | D:7      | HP: 2/83 [steam dragon/ball of steam (10)]
  5033 | D:7      | HP: 17/83 [steam dragon] (1)]
  5035 | D:7      | Reached XP level 10. HP: 23/89 MP: 10/10
  5163 | D:7      | Noticed Maggie
  5182 | D:7      | Killed Maggie
  5183 | D:7      | Reached skill level 8 in Axes
  5183 | D:7      | Reached skill level 8 in Shields
  5711 | D:8      | Noticed a two-headed ogre
  5718 | D:8      | Killed a two-headed ogre
  5719 | D:8      | Reached skill level 9 in Armour
  6102 | D:8      | Noticed a lindwurm
  6106 | D:8      | Noticed a lindwurm
  6106 | D:8      | Noticed a lindwurm
  6107 | D:8      | Noticed a lindwurm
  6296 | D:8      | Lost mutation: Your thick and shaggy fur keeps you warm.
                  | (AC +3, rC+) [Jiyva's grace]
  6296 | D:8      | Lost mutation: Your translucent skin slightly reduces your
                  | foes' accuracy. (Stealth+) [Jiyva's grace]
  6296 | D:8      | Gained mutation: You have a small jelly attached to you
                  | that may absorb projectiles. [Jiyva's grace]
  6296 | D:8      | Gained mutation: You are strong-willed. (Will+) [Jiyva's
                  | grace]
  6296 | D:8      | Gained mutation: You are highly strong-willed. (Will++)
                  | [Jiyva's grace]
  6296 | D:8      | Gained mutation: You are extremely strong-willed. (Will+++)
                  | [Jiyva's grace]
  6301 | D:8      | Found a glowing silver altar of Zin.
  6333 | D:8      | Reached ****** piety under Jiyva
  6375 | D:8      | Reached skill level 7 in Fighting
  6523 | D:8      | Killed a lindwurm
  6525 | D:8      | Killed a lindwurm
  6529 | D:8      | Killed a lindwurm
  6530 | D:8      | Reached skill level 9 in Axes
  6531 | D:8      | Killed a lindwurm
  6532 | D:8      | Reached skill level 9 in Shields
  6586 | D:8      | Identified the +2 chain mail of the Merchant {rElec rF+}
  6596 | D:8      | Identified the +0 leather armour "Ameaj" {Str+4}
  6654 | D:9      | Found a staircase to the Orcish Mines.
  6711 | D:9      | Reached XP level 11. HP: 84/98 MP: 11/11
  7067 | D:9      | Reached skill level 10 in Armour
  7199 | D:9      | Found a flagged portal.
  7207 | Bailey   | Entered a bailey
  7262 | Bailey   | Found a large runed translucent door.
  7262 | Bailey   | Found a large runed translucent door.
  7263 | Bailey   | Noticed a deep elf pyromancer
  7263 | Bailey   | Found the +2 hat of the Bear Spirit {Spirit, Bear, *Rage
                  | Will++}
  7264 | Bailey   | Noticed an orc knight
  7273 | Bailey   | HP: 23/100 [orc knight/+0 glaive (10)]
  7274 | Bailey   | Killed an orc knight
  7463 | Bailey   | Identified the +0 plate armour of the Equator {rElec}
  7465 | Bailey   | Killed a deep elf pyromancer
  7466 | Bailey   | Reached skill level 8 in Fighting
  7470 | Bailey   | Identified the +0 scale mail of Makhleb's Scorn {Fly rC+
                  | Int+4 Slay-3}
  7498 | Bailey   | Identified the +1 robe "Soobuch" {Dex+3}
  7656 | D:10     | Entered Level 10 of the Dungeon
  7682 | D:10     | Reached skill level 10 in Axes
  7739 | D:10     | Found a staircase to the Lair.
  7852 | D:10     | Noticed a two-headed ogre
  7858 | D:10     | Killed a two-headed ogre
  7859 | D:10     | Reached skill level 10 in Shields
  7870 | D:10     | Found a hazy altar of Hepliaklqana.
  7908 | D:10     | Found an iron altar of Okawaru.
  7948 | D:10     | Reached skill level 11 in Armour
  8174 | Lair:1   | Entered Level 1 of the Lair of Beasts
  8269 | Lair:1   | Noticed Harold
  8283 | Lair:1   | Reached XP level 12. HP: 110/110 MP: 10/12
  8295 | Lair:1   | Killed Harold
  8494 | Lair:1   | Reached skill level 11 in Axes
  8549 | Lair:1   | Lost mutation: You are extremely strong-willed. (Will+++)
                  | [Jiyva's grace]
  8549 | Lair:1   | Lost mutation: You are covered in thick fur. (AC +2)
                  | [Jiyva's grace]
  8549 | Lair:1   | Gained mutation: Your body has grown eyes which may confuse
                  | attackers. (Acc +3) [Jiyva's grace]
  8549 | Lair:1   | Gained mutation: Your body has grown many eyes which may
                  | confuse attackers. (Acc +5) [Jiyva's grace]
  8549 | Lair:1   | Gained mutation: Your body is covered in eyes which may
                  | confuse attackers. (Acc +7, SInv) [Jiyva's grace]
  8549 | Lair:1   | Gained mutation: You have a small jelly attached to you
                  | that senses nearby items. [Jiyva's grace]
  8638 | Lair:1   | Noticed Grum
  8641 | Lair:1   | Noticed a six-headed hydra
  8642 | Lair:1   | Killed Grum
  8652 | Lair:1   | Killed a six-headed hydra
  8702 | Lair:1   | Reached skill level 9 in Fighting
  9154 | Lair:2   | Reached skill level 11 in Shields
  9223 | Lair:2   | Reached skill level 12 in Armour
  9395 | Lair:2   | Noticed Nergalle
  9403 | Lair:2   | Killed Nergalle
  9507 | Lair:2   | Noticed a death yak
  9508 | Lair:2   | Noticed a death yak
  9510 | Lair:2   | Noticed a death yak
  9519 | Lair:2   | Killed a death yak
  9520 | Lair:2   | Killed a death yak
  9521 | Lair:2   | Reached skill level 12 in Axes
  9523 | Lair:2   | Killed a death yak
  9524 | Lair:2   | Reached XP level 13. HP: 119/119 MP: 11/13
  9623 | Lair:2   | Found a frozen archway.
  9642 | IceCv    | Entered an ice cave
  9677 | IceCv    | HP: 23/119 [ice statue] (7)]
  9699 | IceCv    | HP: 20/119 [komodo dragon simulacrum (18)]
  9795 | IceCv    | Noticed a white draconian
  9809 | IceCv    | Killed a white draconian
  9900 | IceCv    | Found the ring of the Hare {EV+10}
 10399 | Lair:3   | Noticed Sonja
 10405 | Lair:3   | Killed Sonja
 10433 | Lair:3   | Found a staircase to the Swamp.
 10443 | Lair:3   | Found a radiant altar of Vehumet.
 10491 | Lair:3   | Lost mutation: You are highly strong-willed. (Will++)
                  | [Jiyva's grace]
 10491 | Lair:3   | Lost mutation: You are covered in fur. (AC +1) [Jiyva's
                  | grace]
 10491 | Lair:3   | Lost mutation: You have a small jelly attached to you that
                  | may absorb projectiles. [Jiyva's grace]
 10491 | Lair:3   | Gained mutation: You are resistant to electric shocks.
                  | (rElec) [Jiyva's grace]
 10491 | Lair:3   | Gained mutation: Armour fits poorly on your pseudopods.
                  | [Jiyva's grace]
 10491 | Lair:3   | Gained mutation: Armour fits poorly on your large
                  | pseudopods. [Jiyva's grace]
 10491 | Lair:3   | Gained mutation: Armour fits poorly on your massive
                  | pseudopods. [Jiyva's grace]
 10507 | Lair:3   | Reached skill level 10 in Fighting
 10519 | Lair:3   | Identified the +3 rapier "Juwakhlaa" {heavy, rC+}
 10731 | Lair:3   | Reached skill level 13 in Armour
 10760 | Lair:3   | Found a hole to the Spider Nest.
 10764 | Lair:3   | Reached skill level 12 in Shields
 11494 | Lair:4   | Reached skill level 13 in Axes
 12037 | Lair:5   | Entered Level 5 of the Lair of Beasts
 12229 | Lair:5   | Found a gate leading to a gauntlet.
 12238 | Gauntlet | Entered a Gauntlet
 12238 | Gauntlet | Found a transporter.
 12238 | Gauntlet | Found a transporter.
 12238 | Gauntlet | Found a transporter.
 12239 | Gauntlet | Found a transporter.
 12240 | Gauntlet | Found a transporter.
 12243 | Gauntlet | Found a transporter.
 12249 | Gauntlet | Found a transporter.
 12252 | Gauntlet | Found a transporter.
 12252 | Gauntlet | Found a transporter.
 12254 | Gauntlet | Found a transporter.
 12258 | Gauntlet | Found a runed translucent door.
 12258 | Gauntlet | Found a runed translucent door.
 12262 | Gauntlet | Found a transporter.
 12265 | Gauntlet | Found a transporter.
 12453 | Gauntlet | Identified the +1 helmet "Abaus" {rN+}
 12477 | Gauntlet | Lost mutation: You have razor-sharp toenails. [Jiyva's
                  | grace]
 12477 | Gauntlet | Lost mutation: You have sharp toenails. [Jiyva's grace]
 12477 | Gauntlet | Lost mutation: Your body is covered in eyes which may
                  | confuse attackers. (Acc +7, SInv) [Jiyva's grace]
 12477 | Gauntlet | Lost mutation: Armour fits poorly on your massive
                  | pseudopods. [Jiyva's grace]
 12477 | Gauntlet | Lost mutation: You have a small jelly attached to you that
                  | senses nearby items. [Jiyva's grace]
 12477 | Gauntlet | Gained mutation: Your rubbery body absorbs attacks. (AC +1,
                  | EV +1) [Jiyva's grace]
 12477 | Gauntlet | Gained mutation: Your pliable body absorbs attacks. (AC +2,
                  | EV +2) [Jiyva's grace]
 12477 | Gauntlet | Gained mutation: Your gelatinous body deflects attacks. (AC
                  | +3, EV +3) [Jiyva's grace]
 12477 | Gauntlet | Gained mutation: You passively map a small area around you.
                  | [Jiyva's grace]
 12480 | Gauntlet | Identified the ring "Zaominer" {Wiz rF+ SInv}
 12480 | Gauntlet | Noticed a minotaur
 12505 | Gauntlet | Killed a minotaur
 12740 | Lair:5   | Reached XP level 14. HP: 130/130 MP: 14/14
 12929 | Lair:5   | Identified the +2 robe of Action {Rampage rN++ Will+
                  | Slay+2}
 13171 | Lair:5   | Found a runed translucent door.
 13171 | Lair:5   | Found a viscous altar of Jiyva.
 13172 | Lair:5   | Found a staircase to the Slime Pits.
 13334 | Slime:1  | Entered Level 1 of the Pits of Slime
 13387 | Slime:1  | Noticed an acid blob
 13417 | Slime:1  | Noticed an acid blob
 13426 | Slime:1  | Noticed a quicksilver ooze
 13511 | Slime:2  | Noticed an azure jelly
 13529 | Slime:4  | Noticed an azure jelly
 13530 | Slime:5  | Entered Level 5 of the Pits of Slime
 13530 | Slime:5  | Noticed a quicksilver ooze
 13549 | Slime:5  | Found a viscous altar of Jiyva.
 13550 | Slime:5  | Noticed an azure jelly
 13550 | Slime:5  | Noticed the Royal Jelly
 13550 | Slime:5  | Found the +5 scythe "Finisher" {speed, eviscerate}
 13550 | Slime:5  | Noticed an acid blob
 13551 | Slime:5  | Noticed an acid blob
 13551 | Slime:5  | Noticed an acid blob
 13551 | Slime:5  | Found the brooch of Shielding {Spirit SH+8}
 13552 | Slime:5  | Noticed an acid blob
 13552 | Slime:5  | Found the +8 lance "Wyrmbane" {slay drac, rPois rF+ rC+
                  | AC+3}
 13559 | Slime:5  | Noticed a rockslime
 13566 | Slime:5  | Identified the ring of Ybusch {*Corrode Fly Str+9 Int+3
                  | Dex+6}
 13568 | Slime:5  | Identified the ring of Dawn {Str+6 Int+3}
 13571 | Slime:5  | Got the Lessons on Combustion and Turbulence
 13577 | Slime:5  | Noticed an acid blob
 13581 | Slime:5  | Identified the +2 trident "Ytiule" {antimagic, Int+8
                  | Stlth+}
 13591 | Slime:5  | Got the Volume of the Oath
 13593 | Slime:5  | Got a slimy rune of Zot
 13599 | Slime:5  | Got Vab Ibu's Enchiridion on Imprecation and Locality
 13684 | Slime:5  | Noticed an acid blob
 13827 | Slime:5  | Noticed an acid blob
 13849 | Slime:5  | Noticed an acid blob
 13914 | Slime:3  | Noticed a rockslime
 14629 | Orc:1    | Entered Level 1 of the Orcish Mines
 14834 | Orc:1    | Found Irosuck's Magic Scroll Shop.
 14837 | Orc:1    | Bought a scroll of identify for 32 gold pieces
 14837 | Orc:1    | Bought a scroll of identify for 32 gold pieces
 14837 | Orc:1    | Bought a scroll of identify for 32 gold pieces
 14910 | Orc:1    | Reached skill level 14 in Armour
 15107 | Orc:1    | Found Xoqif's Armour Shoppe.
 15115 | Orc:1    | Bought +0 gold dragon scales for 960 gold pieces
 15151 | Orc:1    | Bought a +2 pair of gloves of infusion for 258 gold pieces
 15209 | Orc:1    | Found Etzianug's General Store.
 15257 | Orc:1    | Bought a scroll of enchant armour for 120 gold pieces
 15515 | Orc:1    | Bought a scroll of blinking for 120 gold pieces
 15515 | Orc:1    | Bought a scroll of enchant weapon for 120 gold pieces
 15515 | Orc:1    | Bought a scroll of blinking for 120 gold pieces
 15529 | Orc:2    | Entered Level 2 of the Orcish Mines
 15534 | Orc:2    | Noticed an orc warlord
 15547 | Orc:2    | Killed an orc warlord
 15549 | Orc:2    | Reached skill level 11 in Fighting
 15550 | Orc:2    | Reached skill level 13 in Shields
 15555 | Orc:2    | Found Xiyd's General Store.
 15665 | Orc:2    | Found a staircase to the Elven Halls.
 15668 | Orc:2    | Bought a scroll of identify for 24 gold pieces
 15668 | Orc:2    | Bought a scroll of identify for 24 gold pieces
 15750 | Orc:2    | Found Zoaczoobb's Jewellery Shop.
 15848 | Orc:2    | Noticed an orc warlord
 15888 | Orc:2    | Reached skill level 14 in Axes
 15889 | Orc:2    | Killed an orc warlord
 15943 | Orc:2    | Found Taucuc's Antique Armour Shop.
 15950 | Orc:2    | Lost mutation: You are strong-willed. (Will+) [Jiyva's
                  | grace]
 15950 | Orc:2    | Lost mutation: Armour fits poorly on your large pseudopods.
                  | [Jiyva's grace]
 15950 | Orc:2    | Gained mutation: You are strong-willed. (Will+) [Jiyva's
                  | grace]
 15950 | Orc:2    | Gained mutation: You are highly strong-willed. (Will++)
                  | [Jiyva's grace]
 15950 | Orc:2    | Gained mutation: You are extremely strong-willed. (Will+++)
                  | [Jiyva's grace]
 15950 | Orc:2    | Gained mutation: Your system is resistant to poisons.
                  | (rPois) [Jiyva's grace]
 15996 | Orc:2    | Found a dark tunnel.
 16003 | Volcano  | Entered a volcano
 16128 | Volcano  | Found a radiant altar of Vehumet.
 16205 | Volcano  | Noticed a stone giant
 16214 | Volcano  | Killed a stone giant
 16304 | Orc:2    | Found Kymoalu's Antique Weapon Boutique.
 16317 | Orc:2    | Bought a broad axe for 140 gold pieces
 16319 | Orc:2    | Found Eqianlema's CLEARANCE SALE!.
 16328 | Orc:2    | Bought a potion of heal wounds for 30 gold pieces
 16375 | Orc:2    | Found a radiant altar of Vehumet.
 16458 | Orc:2    | Found a transporter.
 16464 | Orc:2    | Noticed Takeo's ghost (adept MiFi)
 16475 | Orc:2    | Found a transporter.
 17762 | D:13     | Reached XP level 15. HP: 139/139 MP: 10/15
 17919 | D:13     | Lost mutation: You passively map a small area around you.
                  | [Jiyva's grace]
 17919 | D:13     | Lost mutation: Your gelatinous body deflects attacks. (AC
                  | +3, EV +3) [Jiyva's grace]
 17919 | D:13     | Lost mutation: Your pliable body absorbs attacks. (AC +2,
                  | EV +2) [Jiyva's grace]
 17919 | D:13     | Gained mutation: You have a pair of small antennae on your
                  | head. [Jiyva's grace]
 17919 | D:13     | Gained mutation: You have a pair of antennae on your head.
                  | [Jiyva's grace]
 17919 | D:13     | Gained mutation: You have a pair of large antennae on your
                  | head. (SInv) [Jiyva's grace]
 17919 | D:13     | Gained mutation: You have an increased reservoir of magic.
                  | (+10% MP) [Jiyva's grace]
 18077 | D:13     | Reached skill level 15 in Armour
 18150 | D:13     | Found a gate to the Vaults.
 18159 | D:13     | Upgraded the game from 0.30-a0-779-g7971cf19c3 to
                  | 0.30-a0-782-ge64f9170bb
 18282 | D:13     | Noticed Josephine
 18289 | D:13     | Killed Josephine
 18475 | D:13     | Found a runed translucent gate.
 18476 | D:13     | Found a runed translucent gate.
 18476 | D:13     | Noticed Reshi88's ghost (journeyman SpVM)
 18477 | D:13     | Found a runed translucent gate.
 18478 | D:13     | Identified the +3 chain mail of Baldness {rElec Regen+
                  | Int+7 Dex-2}
 18668 | D:14     | Noticed Azrael
 18686 | D:13     | Noticed a storm dragon
 18717 | D:14     | Killed Azrael
 18898 | D:14     | Reached skill level 14 in Shields
 19117 | D:14     | Reached skill level 15 in Axes
 19442 | D:14     | Found Roirav's Weapon Shop.
 19458 | D:14     | Reached skill level 12 in Fighting
 19920 | Orc:2    | Killed Takeo's ghost
 19922 | Orc:2    | Identified the amulet of Gojim {Regen+ Str+2 Stlth+}
 20195 | D:15     | Entered Level 15 of the Dungeon
 20291 | D:15     | Lost mutation: You have a pair of large antennae on your
                  | head. (SInv) [Jiyva's grace]
 20291 | D:15     | Lost mutation: You have a pair of antennae on your head.
                  | [Jiyva's grace]
 20291 | D:15     | Lost mutation: Your rubbery body absorbs attacks. (AC +1,
                  | EV +1) [Jiyva's grace]
 20291 | D:15     | Gained mutation: You have sharp toenails. [Jiyva's grace]
 20291 | D:15     | Gained mutation: You have razor-sharp toenails. [Jiyva's
                  | grace]
 20291 | D:15     | Gained mutation: You have claws for feet. [Jiyva's grace]
 20291 | D:15     | Lost mutation: You have claws for feet. [Jiyva's grace]
 20291 | D:15     | Lost mutation: You have razor-sharp toenails. [Jiyva's
                  | grace]
 20291 | D:15     | Lost mutation: You have sharp toenails. [Jiyva's grace]
 20291 | D:15     | Gained mutation: You have large cloven feet. [Jiyva's
                  | grace]
 20384 | D:15     | Found a staircase to the Depths.
 20884 | D:15     | Found a hazy altar of Hepliaklqana.
 21141 | Swamp:1  | Entered Level 1 of the Swamp
 21201 | Swamp:1  | Identified Roxanne's Codex of Shaping
 21201 | Swamp:1  | Noticed Roxanne
 21273 | Swamp:1  | Reached skill level 16 in Armour
 21274 | Swamp:1  | Noticed Frances
 21306 | Swamp:1  | Killed Frances
 21307 | Swamp:1  | Reached XP level 16. HP: 150/150 MP: 6/17
 21558 | Swamp:1  | Found a runed translucent gate.
 21562 | Swamp:1  | Found a runed translucent gate.
 21562 | Swamp:1  | Found a runed translucent gate.
 21594 | Swamp:1  | Noticed Athor's ghost (journeyman VSEn)
 21982 | Swamp:1  | Reached skill level 16 in Axes
 21982 | Swamp:1  | Reached skill level 15 in Shields
 22238 | Swamp:2  | Lost mutation: You have a pair of small antennae on your
                  | head. [Jiyva's grace]
 22238 | Swamp:2  | Lost mutation: You are extremely strong-willed. (Will+++)
                  | [Jiyva's grace]
 22238 | Swamp:2  | Lost mutation: You are highly strong-willed. (Will++)
                  | [Jiyva's grace]
 22238 | Swamp:2  | Lost mutation: Your system is resistant to poisons. (rPois)
                  | [Jiyva's grace]
 22238 | Swamp:2  | Lost mutation: Your body has grown many eyes which may
                  | confuse attackers. (Acc +5) [Jiyva's grace]
 22238 | Swamp:2  | Gained mutation: Your muscles are strong. (Str +4, Int/Dex
                  | -1) [Jiyva's grace]
 22238 | Swamp:2  | Gained mutation: Your muscles are very strong. (Str +8,
                  | Int/Dex -2) [Jiyva's grace]
 22238 | Swamp:2  | Gained mutation: You are somewhat resistant to further
                  | mutation. [Jiyva's grace]
 22238 | Swamp:2  | Gained mutation: You are somewhat resistant to both further
                  | mutation and mutation removal. [Jiyva's grace]
 22628 | Swamp:3  | Reached skill level 1 in Evocations
 22654 | Swamp:3  | Reached skill level 13 in Fighting
 22816 | Swamp:3  | Noticed Jorgrun
 22837 | Swamp:3  | Killed Jorgrun
 22838 | Swamp:3  | Reached skill level 2 in Evocations
 23284 | Swamp:4  | Entered Level 4 of the Swamp
 23338 | Swamp:4  | Reached skill level 3 in Evocations
 23751 | Swamp:4  | Reached skill level 17 in Armour
 23760 | Swamp:4  | Reached XP level 17. HP: 158/160 MP: 6/18
 23915 | Swamp:4  | Reached skill level 4 in Evocations
 23956 | Swamp:4  | Found a basalt altar of Yredelemnul.
 23964 | Swamp:4  | Paralysed by something for 4 turns
 23970 | Swamp:4  | HP: 40/160 [something (24)]
 24068 | Swamp:4  | Found a blossoming altar of Fedhas.
 24097 | Swamp:4  | Reached skill level 17 in Axes
 24289 | Swamp:4  | Got a decaying rune of Zot
 24443 | Spider:1 | Entered Level 1 of the Spider Nest
 24744 | Spider:1 | Lost mutation: You have an increased reservoir of magic.
                  | (+10% MP) [Jiyva's grace]
 24744 | Spider:1 | Lost mutation: You are somewhat resistant to both further
                  | mutation and mutation removal. [Jiyva's grace]
 24744 | Spider:1 | Gained mutation: You are covered in slimy tendrils that may
                  | disarm your opponents. [Jiyva's grace]
 24744 | Spider:1 | Gained mutation: Your melee attacks may engulf your foes in
                  | ooze. [Jiyva's grace]
 24744 | Spider:1 | Gained mutation: Your flesh is heat resistant. (rF+)
                  | [Jiyva's grace]
 24744 | Spider:1 | Gained mutation: Your flesh is very heat resistant. (rF++)
                  | [Jiyva's grace]
 24757 | Spider:1 | Noticed Rupert
 24767 | Spider:1 | Killed Rupert
 24825 | Spider:1 | Reached skill level 16 in Shields
 24877 | Spider:1 | Reached skill level 5 in Evocations
 26345 | Spider:2 | Lost mutation: Your flesh is very heat resistant. (rF++)
                  | [Jiyva's grace]
 26345 | Spider:2 | Lost mutation: Your muscles are very strong. (Str +8,
                  | Int/Dex -2) [Jiyva's grace]
 26345 | Spider:2 | Gained mutation: You are robust. (+10% HP) [Jiyva's grace]
 26345 | Spider:2 | Gained mutation: You are very robust. (+20% HP) [Jiyva's
                  | grace]
 26345 | Spider:2 | Gained mutation: You are extremely robust. (+30% HP)
                  | [Jiyva's grace]
 26345 | Spider:2 | Gained mutation: You possess an exceptional clarity of
                  | mind. [Jiyva's grace]
 27080 | Spider:3 | Reached skill level 6 in Evocations
 27111 | Spider:3 | Reached skill level 14 in Fighting
 27320 | Spider:3 | Reached XP level 18. HP: 219/219 MP: 7/18
 27520 | Spider:4 | Entered Level 4 of the Spider Nest
 27629 | Spider:4 | Reached skill level 18 in Armour
 27871 | Spider:4 | Reached skill level 18 in Axes
 27887 | Spider:4 | Reached skill level 7 in Evocations
 27916 | Spider:4 | Got a gossamer rune of Zot
 28185 | Spider:4 | Noticed Arachne
 28201 | Spider:4 | Killed Arachne
 28638 | Vaults:1 | Entered Level 1 of the Vaults
 28799 | Vaults:1 | Reached skill level 17 in Shields
 28900 | Vaults:1 | Lost mutation: You are extremely robust. (+30% HP) [Jiyva's
                  | grace]
 28900 | Vaults:1 | Lost mutation: You are very robust. (+20% HP) [Jiyva's
                  | grace]
 28900 | Vaults:1 | Lost mutation: Your melee attacks may engulf your foes in
                  | ooze. [Jiyva's grace]
 28900 | Vaults:1 | Gained mutation: Your tail ends in a venomous barb.
                  | [Jiyva's grace]
 28900 | Vaults:1 | Gained mutation: Your tail ends in a sharp venomous barb.
                  | [Jiyva's grace]
 28900 | Vaults:1 | Gained mutation: Your tail ends in a wickedly sharp and
                  | venomous barb. [Jiyva's grace]
 28900 | Vaults:1 | Gained mutation: You have a pair of small horns on your
                  | head. [Jiyva's grace]
 29382 | Vaults:1 | Found a runed translucent gate.
 29382 | Vaults:1 | Found a runed translucent gate.
 29382 | Vaults:1 | Found a runed translucent gate.
 29669 | Vaults:1 | Noticed Qarummed's ghost (adept GnBr)
 29820 | Vaults:2 | Reached skill level 8 in Evocations
 29853 | Vaults:2 | Identified the +3 scale mail of Agoraphobia {rC+ Int+3}
 29983 | Vaults:2 | Lost mutation: You have a pair of small horns on your head.
                  | [Jiyva's grace]
 29983 | Vaults:2 | Lost mutation: Your tail ends in a wickedly sharp and
                  | venomous barb. [Jiyva's grace]
 29983 | Vaults:2 | Lost mutation: Your tail ends in a sharp venomous barb.
                  | [Jiyva's grace]
 29983 | Vaults:2 | Lost mutation: Your flesh is heat resistant. (rF+) [Jiyva's
                  | grace]
 29983 | Vaults:2 | Lost mutation: You are covered in slimy tendrils that may
                  | disarm your opponents. [Jiyva's grace]
 29983 | Vaults:2 | Gained mutation: You have acidic saliva. [Jiyva's grace]
 29983 | Vaults:2 | Gained mutation: Your mind is acute. (Int +4, Str/Dex -1)
                  | [Jiyva's grace]
 29983 | Vaults:2 | Gained mutation: Your mind is very acute. (Int +8, Str/Dex
                  | -2) [Jiyva's grace]
 29983 | Vaults:2 | Gained mutation: You are covered in slimy tendrils that may
                  | disarm your opponents. [Jiyva's grace]
 29997 | Vaults:2 | Reached XP level 19. HP: 157/196 MP: 4/19
 30104 | Vaults:2 | Identified the +0 leather armour of Qeduzar {+Blink rC-
                  | Int+2 Slay+2}
 30830 | Vaults:3 | Identified the +4 trident of Okawaru, Mashing {drain, *Slow
                  | rElec rPois rF+++}
 31141 | Vaults:3 | Reached skill level 19 in Armour
 31322 | Vaults:3 | Reached skill level 15 in Fighting
 31362 | Vaults:3 | Reached skill level 19 in Axes
 31487 | Vaults:3 | Reached skill level 9 in Evocations
 31635 | Vaults:3 | Lost mutation: Your tail ends in a venomous barb. [Jiyva's
                  | grace]
 31635 | Vaults:3 | Lost mutation: You are resistant to electric shocks.
                  | (rElec) [Jiyva's grace]
 31635 | Vaults:3 | Lost mutation: You have acidic saliva. [Jiyva's grace]
 31635 | Vaults:3 | Lost mutation: Armour fits poorly on your pseudopods.
                  | [Jiyva's grace]
 31635 | Vaults:3 | Gained mutation: You are very robust. (+20% HP) [Jiyva's
                  | grace]
 31635 | Vaults:3 | Gained mutation: You are extremely robust. (+30% HP)
                  | [Jiyva's grace]
 31635 | Vaults:3 | Gained mutation: Your flesh is cold resistant. (rC+)
                  | [Jiyva's grace]
 31635 | Vaults:3 | Gained mutation: Your flesh is very cold resistant. (rC++)
                  | [Jiyva's grace]
 31739 | Vaults:3 | Found a staircase to the Crypt.
 32033 | Vaults:4 | Reached skill level 1 in Dodging
 32207 | Vaults:4 | Identified the +6 battleaxe "Xoss" {elec, Will- Str+4}
 32320 | Vaults:4 | Reached skill level 2 in Dodging
 32446 | Vaults:4 | Reached skill level 18 in Shields
 32538 | Vaults:4 | Noticed an ancient lich
 32550 | Vaults:4 | Killed an ancient lich
 32551 | Vaults:4 | Reached XP level 20. HP: 177/245 MP: 11/20
 33603 | Depths:1 | Entered Level 1 of the Depths
 33612 | Depths:1 | Found Delupen's Distillery.
 33619 | Depths:1 | Bought a potion of haste for 110 gold pieces
 33619 | Depths:1 | Bought a potion of might for 44 gold pieces
 33727 | Depths:1 | Found a large runed translucent door.
 33727 | Depths:1 | Found a large runed translucent door.
 33731 | Depths:1 | Noticed Pojesatusi's ghost (adept HOMo)
 33748 | Depths:1 | Reached skill level 3 in Dodging
 33830 | Depths:1 | Found Zuurghiet's Overcharged Wands.
 33848 | Depths:1 | Found a one-way gateway to a ziggurat.
 34027 | Depths:1 | Found a gateway to Hell.
 34211 | Depths:1 | Lost mutation: You have large cloven feet. [Jiyva's grace]
 34211 | Depths:1 | Lost mutation: You are extremely robust. (+30% HP) [Jiyva's
                  | grace]
 34211 | Depths:1 | Lost mutation: Your muscles are strong. (Str +4, Int/Dex
                  | -1) [Jiyva's grace]
 34211 | Depths:1 | Gained mutation: You have sharp toenails. [Jiyva's grace]
 34211 | Depths:1 | Gained mutation: You have razor-sharp toenails. [Jiyva's
                  | grace]
 34211 | Depths:1 | Gained mutation: You have claws for feet. [Jiyva's grace]
 34211 | Depths:1 | Gained mutation: Your melee attacks may engulf your foes in
                  | ooze. [Jiyva's grace]
 34653 | Depths:2 | Reached skill level 20 in Armour
 34684 | Depths:2 | Found Plog's Armour Shop.
 34760 | Depths:2 | Reached skill level 4 in Dodging
 34760 | Depths:2 | Found Ceily's Assorted Antiques.
 34779 | Depths:2 | Reached skill level 20 in Axes
 34798 | Depths:2 | Noticed a golden dragon
 34813 | Depths:2 | Killed a golden dragon
 34942 | Depths:2 | Found a hazy altar of Hepliaklqana.
 34966 | Depths:2 | Reached skill level 16 in Fighting
 35178 | Depths:2 | Reached XP level 21. HP: 238/238 MP: 7/21
 35246 | Depths:2 | Found Wojocu's Armour Boutique.
 35421 | Depths:2 | Found Geffuxt's Antique Armour Boutique.
 35444 | Depths:2 | Bought the +6 lightning scales {swift, rElec} for 1139 gold
                  | pieces
 35444 | Depths:2 | Found the +6 lightning scales {swift, rElec}
 35477 | Depths:2 | Found a one-way gate leading to the halls of Pandemonium.
 35482 | Depths:2 | Reached skill level 5 in Dodging
 35809 | Depths:2 | Found a radiant altar of Vehumet.
 35965 | Depths:3 | Reached skill level 19 in Shields
 36062 | Depths:3 | Noticed an ancient lich
 36098 | Depths:3 | Killed an ancient lich
 36228 | Depths:3 | Got Ereshkigal's Textbook on Diablerie
 36344 | Depths:3 | Noticed a juggernaut
 36369 | Depths:3 | Killed a juggernaut
 36688 | Depths:3 | Found a one-way gate to the infinite horrors of the Abyss.
 36748 | Depths:3 | Reached skill level 6 in Dodging
 37199 | Depths:3 | Found a portal to a secret trove of treasure.
 37246 | Depths:4 | Entered Level 4 of the Depths
 37248 | Depths:4 | Lost mutation: You have claws for feet. [Jiyva's grace]
 37248 | Depths:4 | Lost mutation: Your body has grown eyes which may confuse
                  | attackers. (Acc +3) [Jiyva's grace]
 37248 | Depths:4 | Gained mutation: A frigid envelope surrounds you and
                  | freezes all who hurt you. [Jiyva's grace]
 37248 | Depths:4 | Gained mutation: Your translucent skin slightly reduces
                  | your foes' accuracy. (Stealth+) [Jiyva's grace]
 37248 | Depths:4 | Gained mutation: Your translucent skin reduces your foes'
                  | accuracy. (Stealth+) [Jiyva's grace]
 37248 | Depths:4 | Gained mutation: Your transparent skin significantly
                  | reduces your foes' accuracy. (Stealth+) [Jiyva's grace]
 37456 | Depths:4 | Reached skill level 21 in Armour
 37471 | Depths:4 | Reached skill level 21 in Axes
 37776 | Depths:4 | Reached XP level 22. HP: 227/251 MP: 0/22
 37838 | Depths:4 | Noticed a golden dragon
 37853 | Depths:4 | Killed a golden dragon
 37919 | Depths:4 | Noticed a golden dragon
 37926 | Depths:4 | Found a gate to the Realm of Zot.
 37940 | Depths:4 | Killed a golden dragon
 38258 | Depths:4 | Got The Penultimate Guide to Magic
 38285 | Depths:4 | Identified the +6 spear of the Eternal Void {antimagic, rC+
                  | Will+}
 38842 | Vaults:5 | Entered Level 5 of the Vaults
 38907 | Vaults:5 | Noticed a golden dragon
 38926 | Vaults:5 | Killed a golden dragon
 38947 | Vaults:5 | Reached skill level 17 in Fighting
 38951 | Vaults:5 | Reached skill level 7 in Dodging
 39071 | Vaults:5 | Got a silver rune of Zot
 39098 | Vaults:5 | Noticed an ancient lich
 39112 | Vaults:5 | Killed an ancient lich
 39113 | Vaults:5 | Reached skill level 20 in Shields
 39152 | Vaults:5 | Identified the +6 dagger "Houvoos" {flame, Drain rC+ Str+2}
 39165 | Vaults:5 | Identified the +9 scimitar of Rockof {flame, *Corrode Int+8
                  | Stlth+}
 39165 | Vaults:5 | Identified the ring of Wual {Drain rN+++ Will+++ Int-4
                  | Dex+6}
 39166 | Vaults:5 | Identified the +9 falchion "Jycre" {vamp, rElec rCorr
                  | Int-5}
 39332 | Vaults:5 | Noticed an ancient lich
 39355 | Vaults:5 | Killed an ancient lich
 39467 | Vaults:5 | Identified the +7 long sword "Fits" {antimagic, rElec}
 39467 | Vaults:5 | Identified the ring "Lexaweme" {rC+ Int+3}
 39495 | Vaults:5 | Noticed a golden dragon
 39508 | Vaults:5 | Killed a golden dragon
 39569 | Vaults:5 | Identified the +10 quarterstaff "Ylisu" {venom, Fly rF-
                  | SInv}
 39654 | Vaults:5 | Identified the +2 spear "Dosiogojo" {heavy, rCorr SInv}
 40041 | Vaults:5 | Reached XP level 23. HP: 261/261 MP: 21/23
 40100 | Vaults:5 | Identified the ring "Onissuj" {Fly Will- Int+5}
 40233 | Vaults:5 | Found the +12 pair of quick blades "Gyre" and "Gimble"
                  | {protect}
 40237 | Vaults:5 | Identified the +10 great sword "Zack" {freeze, Stlth+}
 40240 | Vaults:5 | Identified the ring "Juefetee" {rC+ Will+ Str+3 Int-2
                  | Dex+3}
 40247 | Vaults:5 | Identified the +5 ring mail "Waewul" {rPois Slay+3}
 40257 | Vaults:5 | Identified the +2 robe of the Onion {rElec rC+ rN+ Int+2}
 40277 | Vaults:5 | Identified the +5 long sword of Watchfulness {drain, Str+4
                  | Int+4}
 40280 | Vaults:5 | Got the Omnibus of Bewitchment
 40618 | Elf:1    | Entered Level 1 of the Elven Halls
 40621 | Elf:1    | Paralysed by an air elemental for 1 turns
 40685 | Elf:1    | Reached skill level 22 in Armour
 40807 | Elf:1    | Lost mutation: Your mind is very acute. (Int +8, Str/Dex
                  | -2) [Jiyva's grace]
 40807 | Elf:1    | Lost mutation: Your flesh is very cold resistant. (rC++)
                  | [Jiyva's grace]
 40807 | Elf:1    | Lost mutation: Your flesh is cold resistant. (rC+) [Jiyva's
                  | grace]
 40807 | Elf:1    | Lost mutation: You are strong-willed. (Will+) [Jiyva's
                  | grace]
 40807 | Elf:1    | Lost mutation: You are very robust. (+20% HP) [Jiyva's
                  | grace]
 40807 | Elf:1    | Gained mutation: You have a small jelly attached to you
                  | that may absorb projectiles. [Jiyva's grace]
 40807 | Elf:1    | Lost mutation: You are somewhat resistant to further
                  | mutation. [Jiyva's grace]
 40807 | Elf:1    | Gained mutation: You have hidden genetic potential.
                  | [Jiyva's grace]
 40807 | Elf:1    | Gained mutation: You have great hidden genetic potential.
                  | [Jiyva's grace]
 40807 | Elf:1    | Gained mutation: You expend magic power (3 MP) to
                  | strengthen your wands. [Jiyva's grace]
 40868 | Elf:1    | Reached skill level 22 in Axes
 40935 | Elf:1    | Identified the +3 sling of Faanauno {flame, rC+ Str+3}
 41014 | Elf:1    | Found a magical portal.
 41026 | WizLab   | Entered Lehudib's Moon Base
 41070 | WizLab   | Found a transporter.
 41070 | WizLab   | Found the +1 cloak of Starlight {*Dazzle EV+4 Stlth--}
 41314 | WizLab   | Reached skill level 8 in Dodging
 41407 | WizLab   | Identified the ring of Umix {rF+ rN+ rCorr Int+3 Dex-3}
 41633 | WizLab   | Found a transporter.
 42555 | Elf:2    | Lost mutation: A frigid envelope surrounds you and freezes
                  | all who hurt you. [Jiyva's grace]
 42555 | Elf:2    | Lost mutation: You are covered in slimy tendrils that may
                  | disarm your opponents. [Jiyva's grace]
 42555 | Elf:2    | Gained mutation: You are agile. (Dex +4, Str/Int -1)
                  | [Jiyva's grace]
 42555 | Elf:2    | Gained mutation: You are very agile. (Dex +8, Str/Int -2)
                  | [Jiyva's grace]
 42555 | Elf:2    | Gained mutation: Your movements are slightly less
                  | encumbered by armour. (ER -2) [Jiyva's grace]
 42555 | Elf:2    | Gained mutation: Your movements are less encumbered by
                  | armour. (ER -4) [Jiyva's grace]
 42875 | Elf:2    | Found a runed translucent gate.
 42876 | Elf:2    | Found a runed translucent gate.
 42876 | Elf:2    | Found a runed translucent gate.
 43597 | Elf:3    | Entered Level 3 of the Elven Halls
 43714 | Elf:3    | Reached skill level 18 in Fighting
 43730 | Elf:3    | Reached skill level 21 in Shields
 43779 | Elf:3    | Reached XP level 24. HP: 167/252 MP: 4/23
 43809 | Elf:3    | Reached skill level 9 in Dodging
 43826 | Elf:3    | Gained mutation: Your tail ends in a venomous barb. [hidden
                  | potential]
 43836 | Elf:3    | Identified the +2 robe of Living the Leaf {rCorr Int+4
                  | SInv}
 43874 | Elf:3    | Identified the +1 acid dragon scales "Vuofishru" {+Inv
                  | rCorr}
 43932 | Elf:3    | Found the +2 pair of slick slippers {slick, slippery, EV+5}
 43980 | Elf:3    | Identified the +2 shortbow of True Grit {drain, rC+}
 44176 | Elf:3    | Found Ynilufya's Magic Scroll Emporium.
 44176 | Elf:3    | Found Giotsif's Armour Shoppe.
 44177 | Elf:3    | Found Biarok's Antique Weapon Shop.
 44199 | Elf:3    | Found Fameef's One-of-a-Kind Books.
 44252 | Elf:3    | Found Hoopnoc's Distillery.
 44258 | Elf:3    | Found Uruch's Antique Armour Emporium.
 44318 | Elf:3    | Found Sekookaiba's Distillery.
 44343 | Elf:3    | Found Foxtudd's Armour Emporium.
 44415 | Elf:3    | Found Zitua's Armour Shop.
 44981 | Zot:1    | Entered Level 1 of the Realm of Zot
 44989 | Zot:1    | Noticed a dread lich
 45007 | Zot:1    | Reached skill level 23 in Armour
 45011 | Zot:1    | Reached skill level 23 in Axes
 45013 | Zot:1    | Killed a dread lich
 45015 | Zot:1    | HP: 62/253 [electric golem (6)]
 45361 | Zot:1    | Lost mutation: You are very agile. (Dex +8, Str/Int -2)
                  | [Jiyva's grace]
 45361 | Zot:1    | Lost mutation: Your mind is acute. (Int +4, Str/Dex -1)
                  | [Jiyva's grace]
 45361 | Zot:1    | Lost mutation: You are robust. (+10% HP) [Jiyva's grace]
 45361 | Zot:1    | Lost mutation: Your transparent skin significantly reduces
                  | your foes' accuracy. (Stealth+) [Jiyva's grace]
 45361 | Zot:1    | Lost mutation: You have great hidden genetic potential.
                  | [Jiyva's grace]
 45361 | Zot:1    | Gained mutation: You have a pair of small horns on your
                  | head. [Jiyva's grace]
 45361 | Zot:1    | Gained mutation: You have a pair of horns on your head.
                  | [Jiyva's grace]
 45361 | Zot:1    | Gained mutation: You have a pair of large horns on your
                  | head. [Jiyva's grace]
 45361 | Zot:1    | Gained mutation: You are robust. (+10% HP) [Jiyva's grace]
 46295 | Zot:2    | Noticed an orb of fire
 46305 | Zot:2    | Lost mutation: You possess an exceptional clarity of mind.
                  | [an orb of fire]
 46306 | Zot:2    | Gained mutation: Your magical capacity is low. (-10% MP)
                  | [an orb of fire]
 46309 | Zot:2    | Killed an orb of fire
 46458 | Zot:2    | Noticed Vv
 46491 | Zot:2    | Killed Vv
 46913 | Zot:2    | Found a transporter.
 46938 | Zot:2    | Found a transporter.
 47026 | Zot:2    | Lost mutation: You have a pair of large horns on your head.
                  | [Jiyva's grace]
 47026 | Zot:2    | Lost mutation: You have razor-sharp toenails. [Jiyva's
                  | grace]
 47026 | Zot:2    | Lost mutation: Your magical capacity is low. (-10% MP)
                  | [Jiyva's grace]
 47026 | Zot:2    | Lost mutation: You are robust. (+10% HP) [Jiyva's grace]
 47026 | Zot:2    | Lost mutation: Your translucent skin reduces your foes'
                  | accuracy. (Stealth+) [Jiyva's grace]
 47026 | Zot:2    | Lost mutation: You have a small jelly attached to you that
                  | may absorb projectiles. [Jiyva's grace]
 47026 | Zot:2    | Lost mutation: You expend magic power (3 MP) to strengthen
                  | your wands. [Jiyva's grace]
 47026 | Zot:2    | Lost mutation: Your movements are less encumbered by
                  | armour. (ER -4) [Jiyva's grace]
 47026 | Zot:2    | Lost mutation: Your movements are slightly less encumbered
                  | by armour. (ER -2) [Jiyva's grace]
 47026 | Zot:2    | Gained mutation: You have acidic saliva. [Jiyva's grace]
 47026 | Zot:2    | Gained mutation: You expend magic power (3 MP) to
                  | strengthen your wands. [Jiyva's grace]
 47026 | Zot:2    | Gained mutation: Your mind is acute. (Int +4, Str/Dex -1)
                  | [Jiyva's grace]
 47026 | Zot:2    | Gained mutation: Your mind is very acute. (Int +8, Str/Dex
                  | -2) [Jiyva's grace]
 47663 | Zot:3    | Reached skill level 10 in Dodging
 47681 | Zot:3    | Reached XP level 25. HP: 211/241 MP: 0/23
 47719 | Zot:3    | Gained mutation: You have a pair of large horns on your
                  | head. [hidden potential]
 47719 | Zot:3    | Lost mutation: You have hidden genetic potential. [hidden
                  | potential expressed]
 48134 | Zot:3    | Noticed a shard shrike
 48143 | Zot:3    | Killed a shard shrike
 48150 | Zot:3    | Reached skill level 22 in Shields
 48183 | Zot:3    | Noticed a shard shrike
 48189 | Zot:3    | Killed a shard shrike
 48348 | Zot:3    | Acquired 758 gold pieces
 48551 | Zot:3    | You are sucked into a shaft and drop 1 floor!
 48714 | Zot:4    | Reached skill level 19 in Fighting
 49069 | Zot:4    | Reached skill level 24 in Axes
 49087 | Zot:4    | Reached skill level 24 in Armour
 49122 | Zot:4    | Gained mutation: Your body has grown eyes which may confuse
                  | attackers. (Acc +3) [Jiyva's grace]
 49122 | Zot:4    | Gained mutation: Your body has grown many eyes which may
                  | confuse attackers. (Acc +5) [Jiyva's grace]
 49122 | Zot:4    | Gained mutation: Your body is covered in eyes which may
                  | confuse attackers. (Acc +7, SInv) [Jiyva's grace]
 49122 | Zot:4    | Gained mutation: You are covered in fur. (AC +1) [Jiyva's
                  | grace]
 49170 | Zot:4    | Identified the ring "Anuemime" {Ice Fly rPois Str-4 Slay+5}
 49832 | Crypt:1  | Entered Level 1 of the Crypt
 50159 | Crypt:1  | Found a runed translucent door.
 50161 | Crypt:1  | Found a shimmering altar of Xom.
 50161 | Crypt:1  | Noticed Yzeiphu's ghost (adept OpEE)
 50742 | Crypt:2  | Noticed Jory
 50775 | Crypt:2  | Killed Jory
 50845 | Crypt:2  | Lost mutation: You have sharp toenails. [Jiyva's grace]
 50845 | Crypt:2  | Lost mutation: You are covered in fur. (AC +1) [Jiyva's
                  | grace]
 50845 | Crypt:2  | Lost mutation: You have acidic saliva. [Jiyva's grace]
 50845 | Crypt:2  | Gained mutation: Your translucent skin reduces your foes'
                  | accuracy. (Stealth+) [Jiyva's grace]
 50845 | Crypt:2  | Gained mutation: Your transparent skin significantly
                  | reduces your foes' accuracy. (Stealth+) [Jiyva's grace]
 50845 | Crypt:2  | Gained mutation: A frigid envelope surrounds you and
                  | freezes all who hurt you. [Jiyva's grace]
 50845 | Crypt:2  | Gained mutation: You have a somewhat thin skeletal
                  | structure. (Dex +2, Stealth+) [Jiyva's grace]
 51276 | Crypt:2  | Identified the +1 hand axe of Ancient Evil {elec, Int+3
                  | Dex+3}
 51351 | Crypt:3  | Entered Level 3 of the Crypt
 51812 | Crypt:3  | Reached skill level 11 in Dodging
 51874 | Crypt:3  | Identified the ring of Nuptaxte {rF+ Int+4 Stlth-}
 51876 | Crypt:3  | Identified the +4 war axe "Killer Klown's Peril" {heavy,
                  | rCorr}
 51879 | Crypt:3  | Got the Almanac of Bodies
 51911 | Crypt:3  | Noticed a dread lich
 51923 | Crypt:3  | Killed a dread lich
 51924 | Crypt:3  | Reached XP level 26. HP: 92/253 MP: 2/23
 52140 | Crypt:3  | Identified the ring "Otiadd" {Fire rPois Dex+5 SInv Stlth-}
 52252 | Crypt:3  | Found a staircase to the Tomb.
 53052 | Depths:3 | Voluntarily entered the Abyss.
 53146 | Abyss:1  | Found a corrupted altar of Lugonu.
 53194 | Abyss:1  | Lost mutation: You have a pair of large horns on your head.
                  | [Jiyva's grace]
 53194 | Abyss:1  | Lost mutation: You have a somewhat thin skeletal structure.
                  | (Dex +2, Stealth+) [Jiyva's grace]
 53194 | Abyss:1  | Lost mutation: Your body is covered in eyes which may
                  | confuse attackers. (Acc +7, SInv) [Jiyva's grace]
 53194 | Abyss:1  | Lost mutation: Your transparent skin significantly reduces
                  | your foes' accuracy. (Stealth+) [Jiyva's grace]
 53194 | Abyss:1  | Lost mutation: Your translucent skin reduces your foes'
                  | accuracy. (Stealth+) [Jiyva's grace]
 53194 | Abyss:1  | Lost mutation: You expend magic power (3 MP) to strengthen
                  | your wands. [Jiyva's grace]
 53194 | Abyss:1  | Gained mutation: You possess an exceptional clarity of
                  | mind. [Jiyva's grace]
 53194 | Abyss:1  | Gained mutation: You are partially covered in iridescent
                  | scales. (AC +2) [Jiyva's grace]
 53194 | Abyss:1  | Gained mutation: You are mostly covered in iridescent
                  | scales. (AC +4) [Jiyva's grace]
 53194 | Abyss:1  | Gained mutation: You are completely covered in iridescent
                  | scales. (AC +6) [Jiyva's grace]
 53201 | Abyss:1  | Found a corrupted altar of Lugonu.
 53207 | Abyss:1  | Found a corrupted altar of Lugonu.
 53207 | Abyss:1  | Found a corrupted altar of Lugonu.
 53367 | Abyss:1  | Found a corrupted altar of Lugonu.
 53637 | Abyss:1  | Gained mutation: You occasionally lose the ability to drink
                  | potions when taking damage. [a neqoxec]
 53757 | Abyss:3  | Found a corrupted altar of Lugonu.
 53785 | Abyss:3  | Paralysed by accursed screaming for 1 turns
 53798 | Abyss:3  | Paralysed by an air elemental for 1 turns
 53895 | Abyss:3  | Gained mutation: You occasionally shout uncontrollably at
                  | your foes. [a neqoxec]
 53988 | Abyss:3  | Gained mutation: Your magical capacity is low. (-10% MP) [a
                  | neqoxec]
 54566 | Abyss:3  | Lost mutation: Your mind is very acute. (Int +8, Str/Dex
                  | -2) [a neqoxec]
 54666 | Abyss:3  | Reached skill level 23 in Shields
 54695 | Abyss:3  | Lost mutation: You are completely covered in iridescent
                  | scales. (AC +6) [Jiyva's grace]
 54695 | Abyss:3  | Lost mutation: You are agile. (Dex +4, Str/Int -1) [Jiyva's
                  | grace]
 54695 | Abyss:3  | Lost mutation: Your mind is acute. (Int +4, Str/Dex -1)
                  | [Jiyva's grace]
 54695 | Abyss:3  | Lost mutation: Your magical capacity is low. (-10% MP)
                  | [Jiyva's grace]
 54695 | Abyss:3  | Lost mutation: You occasionally shout uncontrollably at
                  | your foes. [Jiyva's grace]
 54695 | Abyss:3  | Lost mutation: Your translucent skin slightly reduces your
                  | foes' accuracy. (Stealth+) [Jiyva's grace]
 54695 | Abyss:3  | Gained mutation: You are somewhat resistant to further
                  | mutation. [Jiyva's grace]
 54695 | Abyss:3  | Gained mutation: You are somewhat resistant to both further
                  | mutation and mutation removal. [Jiyva's grace]
 54695 | Abyss:3  | Gained mutation: You are almost entirely resistant to
                  | further mutation and mutation removal. [Jiyva's grace]
 54695 | Abyss:3  | Gained mutation: You have a small jelly attached to you
                  | that may absorb projectiles. [Jiyva's grace]
 54793 | Abyss:3  | Got an abyssal rune of Zot
 54857 | Abyss:3  | Reached skill level 25 in Axes
 54958 | Abyss:3  | Reached skill level 25 in Armour
 55021 | Depths:3 | Escaped the Abyss
 55036 | Hell     | Entered the Vestibule of Hell
 55037 | Hell     | Noticed Geryon
 55111 | Hell     | Killed Geryon
 55114 | Hell     | HP: 53/254 [reaper/+1 scythe of venom (24)]
 55119 | Depths:3 | HP: 43/254 [poisoned by a reaper]
 55124 | Depths:3 | HP: 47/254 [poisoned by a reaper]
 55330 | Hell     | Reached skill level 20 in Fighting
 55359 | Hell     | Found a gateway to the ashen valley of Gehenna.
 55444 | Hell     | Found a gateway to the decaying netherworld of Tartarus.
 55465 | Hell     | Reached skill level 12 in Dodging
 55624 | Hell     | Found a gateway to the freezing wastes of Cocytus.
 55633 | Hell     | Reached XP level 27. HP: 230/263 MP: 1/23
 55801 | Hell     | Found a gateway to the Iron City of Dis.
 56106 | Coc:1    | Entered Level 1 of Cocytus
 56106 | Coc:1    | Noticed an ancient lich
 56119 | Coc:1    | Killed an ancient lich
 56564 | Coc:3    | HP: 57/236 [??? (27)]
 56892 | Coc:4    | Paralysed by a wendigo for 1 turns
 56986 | Coc:4    | Paralysed by a wendigo for 1 turns
 57205 | Coc:5    | Paralysed by a wendigo for 1 turns
 57223 | Coc:5    | Paralysed by a wendigo for 1 turns
 57310 | Coc:6    | HP: 52/261 [??? (23)]
 57505 | Coc:6    | HP: 37/192 [nargun (20)]
 57506 | Coc:6    | HP: 7/192 [Ice Fiend/bolt of cold (17)]
 57507 | Coc:6    | Annihilated by a nargun

Illustrated notes

Levels and vault maps discovered:
D:1:      lightli_arrival_chessboard, layout_basic, minmay_misc_feat_chi,
          wad_floor_pattern_untrapped, st_stairs_12, minmay_indecisive_spiral
D:2:      cheibrodos_fertilizer, layout_basic, ebering_ecumenical_altar_ruins,
          minmay_goblin_outpost, uniq_terence
D:3:      layout_basic, bloody_trog, amcnicky_mini_pool_small
D:4:      layout_basic, gup_sewer_entry_bowl, uniq_blork_the_orc, uniq_edmund
D:5:      layout_cave_pods, lemuel_doored_altar, ebering_dispersal_statue_hall,
          minmay_crossroads, uniq_duvessa, uniq_eustachio, uniq_ijyb
D:6:      layout_basic, tso_altar, mainiacjoe_overflow_catch_the_wave,
          minmay_temple_entry_butterflies, grunt_decor_cap,
          hangedman_decor_riveting, minmay_ruffians, uniq_pikel
D:7:      layout_basic, mainiacjoe_overflow_catwalk, kennysheep_generic_room_3,
          uniq_maggie
D:8:      layout_basic, kennysheep_mini_moat, minmay_lindwurm_lava, uniq_maurice
D:9:      lemuel_ice_statue, layout_loops_ring, orc_0_dummy, enter_bailey_2
D:10:     layout_rooms, mainiacjoe_overflow_paths, okawaru_metal_pillars_1_2,
          due_lair_maze_entry_diamond
D:11:     layout_basic
D:12:     layout_stronghold
D:13:     layout_gridville, grunt_vaults_entry_fortified,
          biasface_ghost_orc_armoury, serial_bayou_crossing, uniq_josephine
D:14:     layout_grid_maze, roderic_lattice_a, serial_shops,
          nicolae_shop_crystal, drop_trap, minivault_25, uniq_azrael
D:15:     gammafunk_depths_entry_grave, layout_loops_ring,
          nicolae_hepliaklqana_hazy_memory
Lair:1:   layout_chaotic_city, nicolae_lair_lindhole, grunt_megastairs_2,
          uniq_grum, uniq_harold
Lair:2:   beast_lair_carwin_large_3, layout_concentric_octagons,
          portal_ice_cave_entry_imps, serial_bayou_shore_a,
          serial_bayou_shore_b, serial_bayou_shore_b, uniq_nergalle
Lair:3:   lemuel_reptile_caves, layout_regular_city, swamp_mist_pool,
          nicolae_spider_entry_non_spiders, basic_altar, lemuel_fruit_tree,
          infiniplex_staircase_pool, uniq_sonja
Lair:4:   dreamdust_isle_of_ice, layout_misc_corridors,
          nicolae_lair_run_with_the_wolves
Lair:5:   guppyfry_lair_end_dragon, layout_cave_pods, slime_entry_2,
          gauntlet_entry_generic
Swamp:1:  layout_basic_swamp, gammafunk_ghost_necromancy,
          nicolae_swamp_decorative_isthmus, uniq_frances, uniq_roxanne
Swamp:2:  layout_basic_swamp, evilmike_swamp_ruin_house_1,
          nzn_swamp_stair_ambush
Swamp:3:  layout_basic_swamp, nicolae_swamp_round_clearing, swamp_pool5,
          hangedman_swamp_ravenous, uniq_jorgrun
Swamp:4:  byrel_swamp_growth_death_and_undeath, layout_basic_swamp,
          nicolae_swamp_feature_on_the_river_bank
Spider:1: layout_chambers, uniq_rupert
Spider:2: layout_cave_pods, hangedman_spider_tarantella_strand
Spider:3: layout_spider_delve
Spider:4: guppyfry_spider_rune, uniq_arachne
Slime:1:  layout_caves
Slime:2:  layout_caves
Slime:3:  layout_caves
Slime:4:  layout_caves, nicolae_slime_barrier
Slime:5
Orc:1:    nicolae_orc_accident_2, layout_diamond_mine, serial_shops,
          nicolae_shop_behind_doors, nicolae_lakefront_shop, nicolae_shop_trees
Orc:2:    grunt_orc_gardens, layout_caves, grunt_orc_garden, grunt_orc_garden,
          grunt_orc_garden, grunt_orc_garden, enter_volcano_2,
          gammafunk_ghost_berserking_beasts, lemuel_statue_altar,
          nicolae_shop_clearance
Elf:1:    layout_loops_ring, mu_enter_wizlab_5, kennysheep_underground_church,
          minivault_25, minivault_20, amethyst_killhole
Elf:2:    nicolae_elf_blades_crystal_corner, layout_geoelf_octagon,
          hangedman_elven_crosses_minicolossus
Elf:3:    grunt_elf_hall_spiral, layout_geoelf_diagonals, serial_shops,
          nicolae_shop_behind_doors, shop, shop, shop,
          nicolae_shop_behind_doors, palyth_stone_intersect, nicolae_rare_books,
          nicolae_wooded_promenade, minivault_15
Vaults:1: ebering_ghost_rock_garden, vaults_mumra_minichess,
          ontoclasm_vaults_ring_square, vaults_room_pools, v_misc_19,
          dpeg_vaults_monster_box, vaults_mumra_hex, layout_vaults_quadrants
Vaults:2: nicolae_vaults_alarming, v_alt_pattern_4, v_pattern_4,
          ontoclasm_vaults_eye, v_misc_4, v_misc_26, ontoclasm_vaults_spin,
          serial_ice_g, st_cross, nicolae_vaults_bisected_slash,
          layout_vaults_big_room
Vaults:3: vaults_mumra_lcd, nicolae_vaults_back_hallway, v_rooms_6,
          vaults_dpeg_emergency_exit, minmay_crypt_entry_simple_plaza,
          vaults_room_corners, nicolae_vaults_network_star,
          nicolae_vaults_rhombus_5, vaults_dpeg_ring, layout_vaults_omnibox
Vaults:4: portal_desolation_entry_garden, serial_ice_g, ontoclasm_vaults_fault,
          vaults_room_semicircle, hangedman_vaults_maws,
          nicolae_vaults_rhombus_6, ontoclasm_vaults_chip, kb_rosetta,
          vaults_room_pool, grunt_vaults_funnel, nicolae_vaults_sealed_display,
          grunt_vaults_twisty, grunt_vaults_focal, vaults_standard_mumra_lines,
          vaults_room_stairs_pillars, ontoclasm_vaults_ring_large,
          layout_vaults_maze_bifur
Vaults:5: serial_shops
Crypt:1:  layout_regular_city, ebering_ghost_xom, chequers_big_river,
          nicolae_crypt_ancient_font, grunt_crypt_arrival_webbed
Crypt:2:  dreamdust_cat_pyramid, layout_misc_corridors,
          small_statue_intersection, st_stairs_8, minmay_large_rounded_square,
          uniq_jory
Crypt:3:  due_elkab, layout_chaotic_city
Depths:1: layout_gridville, enter_ziggurat_f, serial_shops, shop,
          grunt_hell_entry_dis_mu, kennysheep_big_empty_room,
          ebering_ghost_disaster_area, st_stairs_8,
          nicolae_shop_overcharged_wands
Depths:2: hangedman_cross_cluster, layout_honeycomb, serial_shops,
          nicolae_shop_waterfront, shop_statue, shop, shop_fountains,
          hell_entry, fiery_altar_vehumet, grunt_pan_entry_spiral, st_stairs_7,
          minmay_crystal_water
Depths:3: cross_vault, layout_gridlike, abyss_entry,
          grunt_hell_entry_demonic_statue, nicolae_trove_entry_crystal,
          minmay_misc_feat_plants, special_room [special_room_morgue],
          infiniplex_staircase_river
Depths:4: grunt_zot_entry_hairpin, layout_long_grid, hellmonk_bongcloud_opening,
          hangedman_coc_ice_floe, pan_entry, chequers_serial_rivers_large_b,
          minmay_fire_ice_demons
Hell
Coc:1:    layout_cocytus_water_paths
Coc:2:    layout_cocytus_water_paths
Coc:3:    layout_cocytus_water_paths
Coc:4:    layout_ice_bergs, nicolae_coc_icebean_singular
          [nicolae_sub_coc_subbean]
Coc:5:    layout_ice_bergs
Coc:6:    layout_ice_bergs
Zot:1:    hangedman_zot_vaults_quadrants, layout_concentric_octagons,
          zot_minivault_4
Zot:2:    gammafunk_sealed_arena, layout_cathedral_of_symmetry, uniq_vv
Zot:3:    minmay_elemental_castle, layout_misc_corridors,
          lemuel_baited_zot_trap, hangedman_zot_decor_tridents
Zot:4:    kennysheep_oblong_rooms, layout_misc_corridors

Skill      XL: |  1  2  3  4  5  6  7  8  9 10 11 12 13 14 15 16 17 18 19 20 21 22 23 24 25 26 |
---------------+-------------------------------------------------------------------------------+-----
Axes           | 2 3 4 5 6 7 9 10 12 13 14 15 16 17 18 19 20 21 22 23 24 25 | 25.7
Fighting       | 3 4 5 6 7 8 9 10 11 12 13 14 15 16 17 18 19 20 | 20.4
Armour         | 4 5 6 7 8 9 11 12 13 14 16 17 18 19 20 21 22 23 24 25 | 25.6
Shields        | 4 5 6 7 9 10 11 12 13 14 15 16 17 18 19 20 21 22 23 | 23.7
Evocations     | 3 6 8 9 |  9.6
Dodging        | 2 4 6 7 8 10 11 12 | 12.4

Action                     |  1- 3 |  4- 6 |  7- 9 | 10-12 | 13-15 | 16-18 | 19-21 | 22-24 | 25-27 || total
---------------------------+-------+-------+-------+-------+-------+-------+-------+-------+-------++-------
  Melee: War axe           |   104 |   161 |   217 |   447 |  1127 |   272 |       |       |       ||  2328
         Tailslap          |     4 |    13 |    33 |    58 |   247 |   258 |   415 |   399 |   481 ||  1908
         Kick              |       |       |    59 |   149 |   197 |   593 |   530 |       |       ||  1528
         Pseudopods        |       |       |    21 |       |   231 |   372 |   105 |       |       ||   729
         Whip              |       |       |       |     5 |    25 |       |       |       |       ||    30
         Broad axe         |       |       |       |       |       |  1094 |  1624 |  1658 |  1827 ||  6203
         Scimitar          |       |       |       |       |       |    26 |       |       |       ||    26
         Headbutt          |       |       |       |       |       |    50 |       |   112 |   696 ||   858
         Bite              |       |       |       |       |       |     1 |    58 |    16 |   112 ||   187
 Invoke: Oozemancy         |       |       |       |     2 |     3 |     1 |     2 |     2 |     1 ||    11
  Evoke: Wand              |       |       |       |     5 |       |       |       |       |       ||     5
         Phial of floods   |       |       |       |       |       |     1 |       |       |       ||     1
         Condenser vane    |       |       |       |       |       |       |       |     2 |       ||     2
    Use: Scroll            |       |     8 |     1 |     9 |    15 |     2 |     3 |     8 |     5 ||    51
         Potion            |       |     1 |     3 |     2 |     4 |     2 |     2 |     4 |       ||    18
   Stab: Paralysed         |       |       |       |     1 |       |       |       |       |       ||     1
         Confused          |       |       |       |     3 |    46 |    29 |    16 |       |    61 ||   155
         Distracted        |       |       |       |       |     1 |       |       |     1 |       ||     2
 Armour: Scale mail        |    90 |    85 |   110 |       |       |       |       |       |       ||   285
         Chain mail        |       |       |     8 |   210 |   130 |       |       |       |       ||   348
         Skin              |       |       |       |     1 |       |       |       |       |       ||     1
         Gold dragon scale |       |       |       |       |   101 |   625 |   517 |   671 |   674 ||  2588
  Dodge: Dodged            |    47 |    46 |    67 |   107 |   363 |   504 |   468 |   458 |   327 ||  2387
         Repelled          |       |       |       |     3 |    16 |     7 |    14 |    30 |    23 ||    93
  Block: Buckler           |    23 |    39 |    33 |       |       |       |       |       |       ||    95
         Kite shield       |       |       |    58 |   195 |   678 |  1393 |  1271 |  1503 |  1664 ||  6762

Table legend: (Time is in decaauts)
 A = Elapsed time spent in this place.
 B = Non-inter-level travel time spent in this place.
 C = Inter-level travel time spent in this place.
 D = Time resting spent in this place.
 E = Time spent auto-exploring this place.
 F = Levels seen in this place.
 G = Mean time per level.
                   A        B        C        D        E       F      G
               +--------+--------+--------+--------+--------+-----+--------+
         Total |  54658 |  49693 |   4965 |   1700 |  35170 |  70 |  780.8 |
       Dungeon |  13241 |  11429 |   1812 |    422 |   8683 |  15 |  882.7 |
          Lair |   4815 |   4392 |    423 |    523 |   2852 |   5 |  963.0 |
         Swamp |   3142 |   2906 |    236 |     65 |   1925 |   4 |  785.5 |
   Spider Nest |   3926 |   3795 |    131 |     14 |   2949 |   4 |  981.5 |
    Slime Pits |    601 |    556 |     45 |      0 |    429 |   5 |  120.2 |
  Orcish Mines |   2268 |   1757 |    511 |      8 |   1268 |   2 | 1134.0 |
   Elven Halls |   2772 |   2650 |    122 |      2 |   1720 |   3 |  924.0 |
        Vaults |   6390 |   5593 |    797 |     37 |   4216 |   5 | 1278.0 |
         Crypt |   2608 |   2473 |    135 |      0 |   1833 |   3 |  869.3 |
        Depths |   5037 |   4650 |    387 |    293 |   3103 |   4 | 1259.2 |
          Hell |    851 |    812 |     39 |    137 |    416 |   1 |  851.0 |
       Cocytus |   1118 |    995 |    123 |    117 |    537 |   6 |  186.3 |
           Zot |   3974 |   3775 |    199 |     12 |   2972 |   4 |  993.5 |
         Abyss |   1716 |   1716 |      0 |      0 |   1002 |   3 |  572.0 |
         Sewer |     85 |     85 |      0 |      0 |     28 |   1 |   85.0 |
        Bailey |    337 |    337 |      0 |     32 |    166 |   1 |  337.0 |
      Ice Cave |    443 |    443 |      0 |     29 |    211 |   1 |  443.0 |
       Volcano |    249 |    249 |      0 |      0 |    163 |   1 |  249.0 |
        Wizlab |    784 |    784 |      0 |      0 |    553 |   1 |  784.0 |
      Gauntlet |    291 |    291 |      0 |      5 |    137 |   1 |  291.0 |
               +--------+--------+--------+--------+--------+-----+--------+

Top non-repeatable levels by time:
Depths:3: 1453 daAuts
Vaults:3: 1417 daAuts
Depths:4: 1338 daAuts
Vaults:4: 1311 daAuts
    D:14: 1309 daAuts
Vaults:5: 1271 daAuts
    D:13: 1251 daAuts
Spider:1: 1249 daAuts
Depths:2: 1231 daAuts
 Crypt:3: 1219 daAuts
   Orc:2: 1217 daAuts
Vaults:1: 1212 daAuts
Vaults:2: 1177 daAuts
   Zot:1: 1140 daAuts
 Abyss:3: 1133 daAuts

Table legend:
 A = Kills in this place as a percentage of kills in entire the game.
 B = Kills by you in this place as a percentage of kills by you in the entire game.
 C = Kills by friends in this place as a percentage of kills by friends in the entire game.
 D = Other kills in this place as a percentage of other kills in the entire game.
 E = Experience gained in this place as a percentage of experience gained in the entire game.
 F = Experience gained in this place divided by the number of levels of this place that you have seen.
                   A       B       C       D       E      F
               +-------+-------+-------+-------+-------+----------------------
         Total | 100.0 | 100.0 | 100.0 | 100.0 | 100.0 | 22693.5
       Dungeon |  12.8 |  12.9 |  41.7 |   2.5 |   4.3 | 4559.6
          Lair |   7.4 |   7.5 |   0.0 |   5.0 |   2.8 | 8741.4
         Swamp |   6.5 |   6.2 |   0.0 |  25.0 |   5.7 | 22816.5
   Spider Nest |   8.0 |   8.0 |   0.0 |  10.0 |   6.2 | 24484.2
  Orcish Mines |   3.9 |   3.8 |  25.0 |   5.0 |   1.4 | 11300.5
   Elven Halls |   6.6 |   6.7 |   0.0 |   2.5 |   8.3 | 44006.7
        Vaults |  11.9 |  11.8 |   8.3 |  17.5 |  16.7 | 53154.6
         Crypt |   5.9 |   6.0 |   0.0 |   0.0 |   6.6 | 34988.0
        Depths |  10.9 |  11.0 |   8.3 |   2.5 |  15.8 | 62611.2
          Hell |   4.1 |   4.0 |   0.0 |  12.5 |   4.4 | 69748.0
       Cocytus |   3.8 |   3.7 |   8.3 |   7.5 |   5.5 | 14518.2
           Zot |   6.2 |   6.3 |   0.0 |   0.0 |  13.2 | 52604.5
         Abyss |   8.0 |   8.1 |   8.3 |   5.0 |   6.0 | 31656.3
         Sewer |   0.3 |   0.3 |   0.0 |   0.0 |   0.0 |  40.0
        Bailey |   0.6 |   0.6 |   0.0 |   2.5 |   0.1 | 2365.0
      Ice Cave |   1.0 |   1.0 |   0.0 |   2.5 |   0.2 | 3409.0
       Volcano |   0.8 |   0.8 |   0.0 |   0.0 |   0.3 | 4170.0
        Wizlab |   1.3 |   1.4 |   0.0 |   0.0 |   2.4 | 37865.0
      Gauntlet |   0.1 |   0.1 |   0.0 |   0.0 |   0.1 | 1347.0
               +-------+-------+-------+-------+-------+----------------------
